Workbook
Name \a: #REF!
Name \b: #REF!
Name \b: #REF!
Name \b: #REF!
Name \c: #REF!
Name \c: #REF!
Name \e: #REF!
Name \e: #REF!
Name \i: #REF!
Name \i: #REF!
Name \m: #REF!
Name \m: #REF!
Name \r: #REF!
Name \r: #REF!
Name \s: #REF!
Name \t: #REF!
Name \t: #REF!
Name \x: #REF!
Name \x: #REF!
Name \z: #REF!
Name \z: #REF!
Name _________________________________apu1: [1]INSUMOS!#REF!
Name ________________________________apu1: [1]INSUMOS!#REF!
Name _______________________________apu1: [1]INSUMOS!#REF!
Name ______________________________apu1: [1]INSUMOS!#REF!
Name ____________________________apu1: [1]INSUMOS!#REF!
Name ___________________________apu1: [1]INSUMOS!#REF!
Name __________________________apu1: [1]INSUMOS!#REF!
Name _________________________apu1: [1]INSUMOS!#REF!
Name ________________________apu1: [1]INSUMOS!#REF!
Name _______________________apu1: [1]INSUMOS!#REF!
Name _____________________apu1: [1]INSUMOS!#REF!
Name ____________________apu1: [1]INSUMOS!#REF!
Name ___________________apu1: [1]INSUMOS!#REF!
Name __________________apu1: [1]INSUMOS!#REF!
Name _________________apu1: [1]INSUMOS!#REF!
Name ________________apu1: [1]INSUMOS!#REF!
Name _______________apu1: [1]INSUMOS!#REF!
Name ______________apu1: [1]INSUMOS!#REF!
Name _____________apu1: [1]INSUMOS!#REF!
Name ____________apu1: [1]INSUMOS!#REF!
Name ___________apu1: [1]INSUMOS!#REF!
Name __________apu1: [1]INSUMOS!#REF!
Name _________apu1: [1]INSUMOS!#REF!
Name ________apu1: [1]INSUMOS!#REF!
Name _______apu1: [1]INSUMOS!#REF!
Name ______apu1: [1]INSUMOS!#REF!
Name _____apu1: [1]INSUMOS!#REF!
Name ____apu1: [1]INSUMOS!#REF!
Name ___apu1: [1]INSUMOS!#REF!
Name ___DIF2: #REF!
Name ___DIF2: #REF!
Name __apu1: [1]INSUMOS!#REF!
Name __DIF2: #REF!
Name __DIF2: #REF!
Name __PJ50: #REF!
Name _12__Excel_BuiltIn_Print_Area_2: #REF!
Name _15_Excel_BuiltIn_Print_Area_2: #REF!
Name _3_____Excel_BuiltIn_Print_Area_2: #REF!
Name _6____Excel_BuiltIn_Print_Area_2: #REF!

Sheet  ACTIVIDADES PPTO PROYECTADA
A11: Código BP | B11: BP-26005351 | D11: Código BPIN | I11: Versión PPM: | K11: 000 | N11: Vigencia | P11: 2024 | R11: Meta PDD CC | W11: Programa PDD | X11: 6201002 | AC11: Código BP | AD11: =B11 -> BP-26005351 | AF11: Código BPIN | AK11: Versión PPM: | AM11: 000 | AP11: Vigencia | AR11: 2025 | AT11: Meta PDD CC | AY11: Programa PDD | AZ11: 6201002 | BE11: Código BP | BF11: =AD11 -> BP-26005351 | BH11: Código BPIN | BM11: Versión PPM: | BO11: 000 | BR11: Vigencia | BT11: =AR11+1 -> 2026 | BV11: Meta PDD CC | CA11: Programa PDD | CB11: 6201002 | CG11: Código BP | CH11: =B11 -> BP-26005351 | CJ11: Código BPIN | CO11: Versión PPM: | CQ11: 000 | CT11: Vigencia | CV11: =BT11+1 -> 2027 | CX11: Meta PDD CC | DC11: Programa PDD | DD11: 6201002
I12: Versión PS: | K12: 000 | N12: Población Objetivo | P12: ='DETALLE POBLACIÓN PROYECTADA'!E9 -> 13479 | X12: =IF(X11=""," ",VLOOKUP(X11,[16]Listados!$F:$G,2,0)) -> Vivienda sostenible, saneamiento básico y servicios públicos | AK12: Versión PS: | AM12: 000 | AP12: Población Objetivo | AR12: ='DETALLE POBLACIÓN PROYECTADA'!F9 -> 37606 | AZ12: =IF(AZ11=""," ",VLOOKUP(AZ11,[16]Listados!$F:$G,2,0)) -> Vivienda sostenible, saneamiento básico y servicios públicos | BM12: Versión PS: | BO12: 000 | BR12: Población Objetivo | BT12: ='DETALLE POBLACIÓN PROYECTADA'!G9 -> 17111 | CB12: =IF(CB11=""," ",VLOOKUP(CB11,[16]Listados!$F:$G,2,0)) -> Vivienda sostenible, saneamiento básico y servicios públicos | CO12: Versión PS: | CQ12: 000 | CT12: Población Objetivo | CV12: ='DETALLE POBLACIÓN PROYECTADA'!H9 -> 13656 | DD12: =IF(DD11=""," ",VLOOKUP(DD11,[16]Listados!$F:$G,2,0)) -> Vivienda sostenible, saneamiento básico y servicios públicos
A13: Nombre del Proyecto | B13: Intervención Integral de los Sistemas de Acueducto en la Zona Rural del Distrito de Santiago de Cali | I13: Centro Gestor | K13: 4182 | L13: =IF(K13=""," ",VLOOKUP(K13,[16]Listados!$C:$D,2,0)) -> Unidad Administrativa Especial de Servicios Públicos | R13: Denominación Meta PDD CC | W13: Validador Programa PDD | AC13: Nombre del Proyecto | AD13: =B13 -> Intervención Integral de los Sistemas de Acueducto en la Zona Rural del Distrito de Santiago de Cali | AK13: Centro Gestor | AM13: 4182 | AN13: =IF(AM13=""," ",VLOOKUP(AM13,[16]Listados!$C:$D,2,0)) -> Unidad Administrativa Especial de Servicios Públicos | AT13: Denominación Meta PDD CC | AY13: Validador Programa PDD | BE13: Nombre del Proyecto | BF13: =B13 -> Intervención Integral de los Sistemas de Acueducto en la Zona Rural del Distrito de Santiago de Cali | BM13: Centro Gestor | BO13: 4182 | BP13: =IF(BO13=""," ",VLOOKUP(BO13,[16]Listados!$C:$D,2,0)) -> Unidad Administrativa Especial de Servicios Públicos | BV13: Denominación Meta PDD CC | CA13: Validador Programa PDD | CG13: Nombre del Proyecto | CH13: =B13 -> Intervención Integral de los Sistemas de Acueducto en la Zona Rural del Distrito de Santiago de Cali | CO13: Centro Gestor | CQ13: 4182 | CR13: =IF(CQ13=""," ",VLOOKUP(CQ13,[16]Listados!$C:$D,2,0)) -> Unidad Administrativa Especial de Servicios Públicos | CX13: Denominación Meta PDD CC | DC13: Validador Programa PDD
R14: =IF(R12=""," ",VLOOKUP(R12,[16]Listados!$L:$M,2,0)) | W14: {=IF(AND(COUNTIF(O17:O57, "<>")>0, SUMPRODUCT((ISNUMBER(VALUE(IFERROR(O17:O57, ""))))*(LEN(O17:O57)=11)*(LEFT(O17:O57, 7)=$AZ$11&""))=COUNTA(O17:O57)), "CORRECTO", "REVISAR META PDD")} -> CORRECTO | AT14: =IF(AT12=""," ",VLOOKUP(AT12,[16]Listados!$L:$M,2,0)) | AY14: {=IF(AND(COUNTIF(AQ17:AQ57, "<>")>0, SUMPRODUCT((ISNUMBER(VALUE(IFERROR(AQ17:AQ57, ""))))*(LEN(AQ17:AQ57)=11)*(LEFT(AQ17:AQ57, 7)=$AZ$11&""))=COUNTA(AQ17:AQ57)), "CORRECTO", "REVISAR META PDD")} -> CORRECTO | BV14: =IF(BV12=""," ",VLOOKUP(BV12,[16]Listados!$L:$M,2,0)) | CA14: {=IF(AND(COUNTIF(BS17:BS57, "<>")>0, SUMPRODUCT((ISNUMBER(VALUE(IFERROR(BS17:BS57, ""))))*(LEN(BS17:BS57)=11)*(LEFT(BS17:BS57, 7)=$AZ$11&""))=COUNTA(BS17:BS57)), "CORRECTO", "REVISAR META PDD")} -> CORRECTO | CX14: =IF(CX12=""," ",VLOOKUP(CX12,[16]Listados!$L:$M,2,0)) | DC14: {=IF(AND(COUNTIF(CU17:CU57, "<>")>0, SUMPRODUCT((ISNUMBER(VALUE(IFERROR(CU17:CU57, ""))))*(LEN(CU17:CU57)=11)*(LEFT(CU17:CU57, 7)=$AZ$11&""))=COUNTA(CU17:CU57)), "CORRECTO", "REVISAR META PDD")} -> CORRECTO
A16: Objetivo General | B16: Indicador Objetivo General | C16: Unidad de Medida | D16: Cantidad | E16: # Objetivo específico | F16: Objetivos Específicos | G16: Código MGA Producto | H16: # Producto | I16: Productos | J16: Código MGA Indicador Producto | K16: Indicador de Producto | L16: Unidad de Medida | M16: Cantidad | N16: % Ponderación Productos | O16: Meta Plan de Desarrollo | P16: Denominación Meta PDD | Q16: # Actividad | R16: Código Programa Presupuestario | S16: Actividades | T16: Ruta Crítica Si/No | U16: % Ponderación Actividad | V16: Código POSPRE | W16: Denominación POSPRE | X16: Código FONDO | Y16: Denominación FONDO | Z16: Valor Actividades | AA16: Modificación | AC16: Objetivo General | AD16: Indicador Objetivo General | AE16: Unidad de Medida | AF16: Cantidad | AG16: # Objetivo específico | AH16: Objetivos Específicos | AI16: Código MGA Producto | AJ16: # Producto | AK16: Productos | AL16: Código MGA Indicador Producto | AM16: Indicador de Producto | AN16: Unidad de Medida | AO16: Cantidad | AP16: % Ponderación Productos | AQ16: Meta Plan de Desarrollo | AR16: Denominación Meta PDD | AS16: # Actividad | AT16: Código Programa Presupuestario | AU16: Actividades | AV16: Ruta Crítica Si/No | AW16: % Ponderación Actividad | AX16: Código POSPRE | AY16: Denominación POSPRE | AZ16: Código FONDO | BA16: Denominación FONDO | BB16: Valor Actividades | BC16: Modificación | BE16: Objetivo General | BF16: Indicador Objetivo General | BG16: Unidad de Medida | BH16: Cantidad | BI16: # Objetivo específico | BJ16: Objetivos Específicos | BK16: Código MGA Producto | BL16: # Producto | BM16: Productos | BN16: Código MGA Indicador Producto | BO16: Indicador de Producto | BP16: Unidad de Medida | BQ16: Cantidad | BR16: % Ponderación Productos | BS16: Meta Plan de Desarrollo | BT16: Denominación Meta PDD | BU16: # Actividad | BV16: Código Programa Presupuestario | BW16: Actividades | BX16: Ruta Crítica Si/No | BY16: % Ponderación Actividad | BZ16: Código POSPRE | CA16: Denominación POSPRE | CB16: Código FONDO | CC16: Denominación FONDO | CD16: Valor Actividades | CE16: Modificación | CG16: Objetivo General | CH16: Indicador Objetivo General | CI16: Unidad de Medida | CJ16: Cantidad | CK16: # Objetivo específico | CL16: Objetivos Específicos | CM16: Código MGA Producto | CN16: # Producto | CO16: Productos | CP16: Código MGA Indicador Producto | CQ16: Indicador de Producto | CR16: Unidad de Medida | CS16: Cantidad | CT16: % Ponderación Productos | CU16: Meta Plan de Desarrollo | CV16: Denominación Meta PDD | CW16: # Actividad | CX16: Código Programa Presupuestario | CY16: Actividades | CZ16: Ruta Crítica Si/No | DA16: % Ponderación Actividad | DB16: Código POSPRE | DC16: Denominación POSPRE | DD16: Código FONDO | DE16: Denominación FONDO | DF16: Valor Actividades | DG16: Modificación
A17: Garantizar la provisión de los servicios de agua potable en cobertura, continuidad y calidad para la zona rural del distrito Santiago de Cali | B17: Sistemas de agua potable y/o saneamiento básico gestionados en áreas rurales | C17: Número | D17: 39 | E17: 1. | F17: Proveer los elementos necesarios para la construcción y renovación de la infraestructura de agua potable en la zona rural del Distrito de Santiago de Cali | G17: 4003008 | H17: 1.1 | I17: =IF(G17=""," ",VLOOKUP(G17,[16]Listados!$AA:$AE,2,0)) -> Servicio de apoyo financiero a los planes, programas y proyectos de Agua Potable y Saneamiento Básico | J17: =IF(G17=""," ",VLOOKUP(G17,[16]Listados!$AA:$AE,3,0)) -> 400300800 | K17: =IF(G17=""," ",VLOOKUP(G17,[16]Listados!$AA:$AE,4,0)) -> Proyectos de acueducto, alcantarillado y aseo apoyados financieramente | L17: =IF(G17=""," ",VLOOKUP(G17,[16]Listados!$AA:$AE,5,0)) -> Número | M17: 5 | N17: =SUM(Z17:Z37)/$Z$58 -> #REF! | O17: 62010020009 | P17: =IF(O17=""," ",VLOOKUP(O17,[16]Listados!$I:$J,2,0)) -> Sistemas de agua potable y/o saneamiento básico en áreas rurales gestionados | Q17: 1.1.1 | S17: Realizar Estudio de factibilidad técnica asociado a la mitigación de riesgos para la construcción de línea de conducción de agua desde La CADICA La Elvira hasta la PTAP Campoalegre, corregimiento de Montebello | T17: Si | U17: =+ROUND(+Z17/SUM($Z$17:$Z$37),2) -> #REF! | W17: =IF(V17=""," ",VLOOKUP(V17,[16]Listados!$O:$P,2,0)) | Y17: =IF(X17=""," ",VLOOKUP(X17,Listados!$O:$P,2,0)) | Z17: =#REF! -> #REF! | AC17: Garantizar la provisión de los servicios de agua potable en cobertura, continuidad y calidad para la zona rural del distrito Santiago de Cali | AD17: Sistemas de agua potable y/o saneamiento básico gestionados en áreas rurales | AE17: Número | AF17: 39 | AG17: 1. | AH17: Proveer los elementos necesarios para la construcción y renovación de la infraestructura de agua potable en la zona rural del Distrito de Santiago de Cali | AI17: 4003008 | AJ17: 1.1 | AK17: =IF(AI17=""," ",VLOOKUP(AI17,[16]Listados!$AA:$AE,2,0)) -> Servicio de apoyo financiero a los planes, programas y proyectos de Agua Potable y Saneamiento Básico | AL17: =IF(AI17=""," ",VLOOKUP(AI17,[16]Listados!$AA:$AE,3,0)) -> 400300800 | AM17: =IF(AI17=""," ",VLOOKUP(AI17,[16]Listados!$AA:$AE,4,0)) -> Proyectos de acueducto, alcantarillado y aseo apoyados financieramente | AN17: =IF(AI17=""," ",VLOOKUP(AI17,[16]Listados!$AA:$AE,5,0)) -> Número | AO17: 10 | AP17: 1 | AQ17: 62010020009 | AR17: =IF(AQ17=""," ",VLOOKUP(AQ17,[16]Listados!$I:$J,2,0)) -> Sistemas de agua potable y/o saneamiento básico en áreas rurales gestionados | AS17: 1.1.1 | AU17: Realizar Estudio de factibilidad técnica asociado a la mitigación de riesgos para la construcción de línea de conducción de agua desde La CADICA La Elvira hasta la PTAP Campoalegre, corregimiento de Montebello | AV17: Si | AW17: =ROUND(+BB17/(SUM($BB$17:$BB$37)),2) -> #REF! | AY17: =IF(AX17=""," ",VLOOKUP(AX17,Listados!$L:$M,2,0)) | BA17: =IF(AZ17=""," ",VLOOKUP(AZ17,Listados!$O:$P,2,0)) | BB17: 0 | BE17: Garantizar la provisión de los servicios de agua potable en cobertura, continuidad y calidad para la zona rural del distrito Santiago de Cali | BF17: Sistemas de agua potable y/o saneamiento básico gestionados en áreas rurales | BG17: Número | BH17: 39 | BI17: 1. | BJ17: Proveer los elementos necesarios para la construcción y renovación de la infraestructura de agua potable en la zona rural del Distrito de Santiago de Cali | BK17: 4003008 | BL17: 1.1 | BM17: =IF(BK17=""," ",VLOOKUP(BK17,[16]Listados!$AA:$AE,2,0)) -> Servicio de apoyo financiero a los planes, programas y proyectos de Agua Potable y Saneamiento Básico | BN17: =IF(BK17=""," ",VLOOKUP(BK17,[16]Listados!$AA:$AE,3,0)) -> 400300800 | BO17: =IF(BK17=""," ",VLOOKUP(BK17,[16]Listados!$AA:$AE,4,0)) -> Proyectos de acueducto, alcantarillado y aseo apoyados financieramente | BP17: =IF(BK17=""," ",VLOOKUP(BK17,[16]Listados!$AA:$AE,5,0)) -> Número | BQ17: 5 | BR17: =SUM(CD17:CD37)/$Z$58 -> #REF! | BS17: 62010020009 | BT17: =IF(BS17=""," ",VLOOKUP(BS17,[16]Listados!$I:$J,2,0)) -> Sistemas de agua potable y/o saneamiento básico en áreas rurales gestionados | BU17: 1.1.1 | BW17: Realizar Estudio de factibilidad técnica asociado a la mitigación de riesgos para la construcción de línea de conducción de agua desde La CADICA La Elvira hasta la PTAP Campoalegre, corregimiento de Montebello | BX17: Si | BY17: =ROUND(+CD17/(SUM($CD$17:$CD$37)),2) -> #REF! | CA17: =IF(BZ17=""," ",VLOOKUP(BZ17,Listados!$L:$M,2,0)) | CC17: =IF(CB17=""," ",VLOOKUP(CB17,Listados!$O:$P,2,0)) | CD17: 0 | CG17: Garantizar la provisión de los servicios de agua potable en cobertura, continuidad y calidad para la zona rural del distrito Santiago de Cali | CH17: Sistemas de agua potable y/o saneamiento básico gestionados en áreas rurales | CI17: Número | CJ17: 39 | CK17: 1. | CL17: Proveer los elementos necesarios para la construcción y renovación de la infraestructura de agua potable en la zona rural del Distrito de Santiago de Cali | CM17: 4003008 | CN17: 1.1 | CO17: =IF(CM17=""," ",VLOOKUP(CM17,[16]Listados!$AA:$AE,2,0)) -> Servicio de apoyo financiero a los planes, programas y proyectos de Agua Potable y Saneamiento Básico | CP17: =IF(CM17=""," ",VLOOKUP(CM17,[16]Listados!$AA:$AE,3,0)) -> 400300800 | CQ17: =IF(CM17=""," ",VLOOKUP(CM17,[16]Listados!$AA:$AE,4,0)) -> Proyectos de acueducto, alcantarillado y aseo apoyados financieramente | CR17: =IF(CM17=""," ",VLOOKUP(CM17,[16]Listados!$AA:$AE,5,0)) -> Número | CS17: 5 | CT17: =SUM(DF17:DF37)/$Z$58 -> #REF! | CU17: 62010020009 | CV17: =IF(CU17=""," ",VLOOKUP(CU17,[16]Listados!$I:$J,2,0)) -> Sistemas de agua potable y/o saneamiento básico en áreas rurales gestionados | CW17: 1.1.1 | CY17: Realizar Estudio de factibilidad técnica asociado a la mitigación de riesgos para la construcción de línea de conducción de agua desde La CADICA La Elvira hasta la PTAP Campoalegre, corregimiento de Montebello | CZ17: Si | DA17: =ROUND(DF17/(SUM($DF$17:$DF$37)),2) -> #REF! | DC17: =IF(DB17=""," ",VLOOKUP(DB17,Listados!$L:$M,2,0)) | DE17: =IF(DD17=""," ",VLOOKUP(DD17,Listados!$O:$P,2,0)) | DF17: 0 | DH17: =Z17+BB17+CD17+DF17 -> #REF!
Q18: 1.1.2 | S18: Realizar Estudio, modelación y diagnóstico con alcance de diseño para el mejoramiento de la PTAP del corregimiento Golondrinas | T18: Si | U18: =+ROUND(+Z18/SUM($Z$17:$Z$37),2) -> #REF! | W18: =IF(V18=""," ",VLOOKUP(V18,[16]Listados!$O:$P,2,0)) | Y18: =IF(X18=""," ",VLOOKUP(X18,Listados!$O:$P,2,0)) | Z18: =#REF! -> #REF! | AS18: 1.1.2 | AU18: Realizar Estudio, modelación y diagnóstico con alcance de diseño para el mejoramiento de la PTAP del corregimiento Golondrinas | AV18: Si | AW18: =ROUND(+BB18/(SUM($BB$17:$BB$37)),2) -> #REF! | AY18: =IF(AX18=""," ",VLOOKUP(AX18,Listados!$L:$M,2,0)) | BA18: =IF(AZ18=""," ",VLOOKUP(AZ18,Listados!$O:$P,2,0)) | BB18: 0 | BU18: 1.1.2 | BW18: Realizar Estudio, modelación y diagnóstico con alcance de diseño para el mejoramiento de la PTAP del corregimiento Golondrinas | BX18: Si | BY18: =ROUND(+CD18/(SUM($CD$17:$CD$37)),2) -> #REF! | CA18: =IF(BZ18=""," ",VLOOKUP(BZ18,Listados!$L:$M,2,0)) | CC18: =IF(CB18=""," ",VLOOKUP(CB18,Listados!$O:$P,2,0)) | CD18: 0 | CW18: 1.1.2 | CY18: Realizar Estudio, modelación y diagnóstico con alcance de diseño para el mejoramiento de la PTAP del corregimiento Golondrinas | CZ18: Si | DA18: =ROUND(DF18/(SUM($DF$17:$DF$37)),2) -> #REF! | DC18: =IF(DB18=""," ",VLOOKUP(DB18,Listados!$L:$M,2,0)) | DE18: =IF(DD18=""," ",VLOOKUP(DD18,Listados!$O:$P,2,0)) | DF18: 0 | DH18: =Z18+BB18+CD18+DF18 -> #REF!
Q19: 1.1.3 | S19: Realizar un estudio con alcance de diseño para la mitigación del riesgo y manejo de la estabilidad del terreno en la PTAP veredas El Diamante, La Soledad y El Cedral, corregimiento Felidia. | T19: Si | U19: =+ROUND(+Z19/SUM($Z$17:$Z$37),2) -> #REF! | W19: =IF(V19=""," ",VLOOKUP(V19,[16]Listados!$O:$P,2,0)) | Y19: =IF(X19=""," ",VLOOKUP(X19,Listados!$O:$P,2,0)) | Z19: =#REF! -> #REF! | AS19: 1.1.3 | AU19: Realizar un estudio con alcance de diseño para la mitigación del riesgo y manejo de la estabilidad del terreno en la PTAP veredas El Diamante, La Soledad y El Cedral, corregimiento Felidia. | AV19: Si | AW19: =ROUND(+BB19/(SUM($BB$17:$BB$37)),2) -> #REF! | AY19: =IF(AX19=""," ",VLOOKUP(AX19,Listados!$L:$M,2,0)) | BA19: =IF(AZ19=""," ",VLOOKUP(AZ19,Listados!$O:$P,2,0)) | BB19: 0 | BU19: 1.1.3 | BW19: Realizar un estudio con alcance de diseño para la mitigación del riesgo y manejo de la estabilidad del terreno en la PTAP veredas El Diamante, La Soledad y El Cedral, corregimiento Felidia. | BX19: Si | BY19: =ROUND(+CD19/(SUM($CD$17:$CD$37)),2) -> #REF! | CA19: =IF(BZ19=""," ",VLOOKUP(BZ19,Listados!$L:$M,2,0)) | CC19: =IF(CB19=""," ",VLOOKUP(CB19,Listados!$O:$P,2,0)) | CD19: 0 | CW19: 1.1.3 | CY19: Realizar un estudio con alcance de diseño para la mitigación del riesgo y manejo de la estabilidad del terreno en la PTAP veredas El Diamante, La Soledad y El Cedral, corregimiento Felidia. | CZ19: Si | DA19: =ROUND(DF19/(SUM($DF$17:$DF$37)),2) -> #REF! | DC19: =IF(DB19=""," ",VLOOKUP(DB19,Listados!$L:$M,2,0)) | DE19: =IF(DD19=""," ",VLOOKUP(DD19,Listados!$O:$P,2,0)) | DF19: 0 | DH19: =Z19+BB19+CD19+DF19 -> #REF!
Q20: 1.1.4 | S20: Realizar Interventoría a los Estudios, Modelaciones y/o Diseños de los Sistemas de Acueducto en la Zona Rural del Distrito Santiago de Cali | T20: Si | U20: =+ROUND(+Z20/SUM($Z$17:$Z$37),2) -> #REF! | W20: =IF(V20=""," ",VLOOKUP(V20,[16]Listados!$O:$P,2,0)) | Y20: =IF(X20=""," ",VLOOKUP(X20,Listados!$O:$P,2,0)) | Z20: =#REF! -> #REF! | AS20: 1.1.4 | AU20: Realizar Interventoría a los Estudios, Modelaciones y/o Diseños de los Sistemas de Acueducto en la Zona Rural del Distrito Santiago de Cali | AV20: Si | AW20: =ROUND(+BB20/(SUM($BB$17:$BB$37)),2) -> #REF! | AY20: =IF(AX20=""," ",VLOOKUP(AX20,Listados!$L:$M,2,0)) | BA20: =IF(AZ20=""," ",VLOOKUP(AZ20,Listados!$O:$P,2,0)) | BB20: =#REF! -> #REF! | BU20: 1.1.4 | BW20: Realizar Interventoría a los Estudios, Modelaciones y/o Diseños de los Sistemas de Acueducto en la Zona Rural del Distrito Santiago de Cali | BX20: No | BY20: =ROUND(+CD20/(SUM($CD$17:$CD$37)),2) -> #REF! | CA20: =IF(BZ20=""," ",VLOOKUP(BZ20,Listados!$L:$M,2,0)) | CC20: =IF(CB20=""," ",VLOOKUP(CB20,Listados!$O:$P,2,0)) | CD20: =#REF! -> #REF! | CW20: 1.1.4 | CY20: Realizar Interventoría a los Estudios, Modelaciones y/o Diseños de los Sistemas de Acueducto en la Zona Rural del Distrito Santiago de Cali | CZ20: No | DA20: =ROUND(DF20/(SUM($DF$17:$DF$37)),2) -> #REF! | DC20: =IF(DB20=""," ",VLOOKUP(DB20,Listados!$L:$M,2,0)) | DE20: =IF(DD20=""," ",VLOOKUP(DD20,Listados!$O:$P,2,0)) | DF20: =#REF! -> #REF! | DH20: =Z20+BB20+CD20+DF20 -> #REF!
Q21: 1.1.5 | S21: Realizar la implementación del Nodo IDESC de información para el acueducto del área rural de la Buitrera Norte - Corregimiento La Buitrera | Y21: =IF(X21=""," ",VLOOKUP(X21,Listados!$O:$P,2,0)) | AS21: 1.1.5 | AU21: Realizar la implementación del Nodo IDESC de información para el acueducto del área rural de la Buitrera Norte - Corregimiento La Buitrera | AV21: Si | AW21: =ROUND(+BB21/(SUM($BB$17:$BB$37)),2) -> #REF! | AY21: =IF(AX21=""," ",VLOOKUP(AX21,Listados!$L:$M,2,0)) | BA21: =IF(AZ21=""," ",VLOOKUP(AZ21,Listados!$O:$P,2,0)) | BB21: =+#REF! -> #REF! | BU21: 1.1.5 | BW21: Realizar la implementación del Nodo IDESC de información para el acueducto del área rural de la Buitrera Norte - Corregimiento La Buitrera | BX21: Si | BY21: =ROUND(+CD21/(SUM($CD$17:$CD$37)),2) -> #REF! | CA21: =IF(BZ21=""," ",VLOOKUP(BZ21,Listados!$L:$M,2,0)) | CC21: =IF(CB21=""," ",VLOOKUP(CB21,Listados!$O:$P,2,0)) | CD21: 0 | CW21: 1.1.5 | CY21: Realizar la implementación del Nodo IDESC de información para el acueducto del área rural de la Buitrera Norte - Corregimiento La Buitrera | CZ21: Si | DA21: =ROUND(DF21/(SUM($DF$17:$DF$37)),2) -> #REF! | DC21: =IF(DB21=""," ",VLOOKUP(DB21,Listados!$L:$M,2,0)) | DE21: =IF(DD21=""," ",VLOOKUP(DD21,Listados!$O:$P,2,0)) | DF21: 0 | DH21: =Z21+BB21+CD21+DF21 -> #REF!
Q22: 1.1.6 | S22: Realizar la implementación del Nodo IDESC de información para el acueducto del área rural vereda La Luisa - Corregimiento La Buitrera | Y22: =IF(X22=""," ",VLOOKUP(X22,Listados!$O:$P,2,0)) | AS22: 1.1.6 | AU22: Realizar la implementación del Nodo IDESC de información para el acueducto del área rural vereda La Luisa - Corregimiento La Buitrera | AV22: Si | AW22: =ROUND(+BB22/(SUM($BB$17:$BB$37)),2) -> #REF! | AY22: =IF(AX22=""," ",VLOOKUP(AX22,Listados!$L:$M,2,0)) | BA22: =IF(AZ22=""," ",VLOOKUP(AZ22,Listados!$O:$P,2,0)) | BB22: =+#REF! -> #REF! | BU22: 1.1.6 | BW22: Realizar la implementación del Nodo IDESC de información para el acueducto del área rural vereda La Luisa - Corregimiento La Buitrera | BX22: Si | BY22: =ROUND(+CD22/(SUM($CD$17:$CD$37)),2) -> #REF! | CA22: =IF(BZ22=""," ",VLOOKUP(BZ22,Listados!$L:$M,2,0)) | CC22: =IF(CB22=""," ",VLOOKUP(CB22,Listados!$O:$P,2,0)) | CD22: 0 | CW22: 1.1.6 | CY22: Realizar la implementación del Nodo IDESC de información para el acueducto del área rural vereda La Luisa - Corregimiento La Buitrera | CZ22: Si | DA22: =ROUND(DF22/(SUM($DF$17:$DF$37)),2) -> #REF! | DC22: =IF(DB22=""," ",VLOOKUP(DB22,Listados!$L:$M,2,0)) | DE22: =IF(DD22=""," ",VLOOKUP(DD22,Listados!$O:$P,2,0)) | DF22: 0 | DH22: =Z22+BB22+CD22+DF22 -> #REF!
Q23: 1.1.7 | S23: Realizar la implementación del Nodo IDESC de información para el acueducto del área rural vereda La Fonda - Corregimiento de Villa Carmelo | Y23: =IF(X23=""," ",VLOOKUP(X23,Listados!$O:$P,2,0)) | AS23: 1.1.7 | AU23: Realizar la implementación del Nodo IDESC de información para el acueducto del área rural vereda La Fonda - Corregimiento de Villa Carmelo | AV23: Si | AW23: =ROUND(+BB23/(SUM($BB$17:$BB$37)),2) -> #REF! | AY23: =IF(AX23=""," ",VLOOKUP(AX23,Listados!$L:$M,2,0)) | BA23: =IF(AZ23=""," ",VLOOKUP(AZ23,Listados!$O:$P,2,0)) | BB23: =+#REF! -> #REF! | BU23: 1.1.7 | BW23: Realizar la implementación del Nodo IDESC de información para el acueducto del área rural vereda La Fonda - Corregimiento de Villa Carmelo | BX23: Si | BY23: =ROUND(+CD23/(SUM($CD$17:$CD$37)),2) -> #REF! | CA23: =IF(BZ23=""," ",VLOOKUP(BZ23,Listados!$L:$M,2,0)) | CC23: =IF(CB23=""," ",VLOOKUP(CB23,Listados!$O:$P,2,0)) | CD23: 0 | CW23: 1.1.7 | CY23: Realizar la implementación del Nodo IDESC de información para el acueducto del área rural vereda La Fonda - Corregimiento de Villa Carmelo | CZ23: Si | DA23: =ROUND(DF23/(SUM($DF$17:$DF$37)),2) -> #REF! | DC23: =IF(DB23=""," ",VLOOKUP(DB23,Listados!$L:$M,2,0)) | DE23: =IF(DD23=""," ",VLOOKUP(DD23,Listados!$O:$P,2,0)) | DF23: 0 | DH23: =Z23+BB23+CD23+DF23 -> #REF!
Q24: 1.1.8 | S24: Realizar Modelación con Alcance de Diseño Sistema de Acueducto Felidia Cabecera, Corregimiento Felidia | Y24: =IF(X24=""," ",VLOOKUP(X24,Listados!$O:$P,2,0)) | AS24: 1.1.8 | AU24: Realizar Modelación con Alcance de Diseño Sistema de Acueducto Felidia Cabecera, Corregimiento Felidia | AV24: Si | AW24: =ROUND(+BB24/(SUM($BB$17:$BB$37)),2) -> #REF! | AY24: =IF(AX24=""," ",VLOOKUP(AX24,Listados!$L:$M,2,0)) | BA24: =IF(AZ24=""," ",VLOOKUP(AZ24,Listados!$O:$P,2,0)) | BB24: =+#REF! -> #REF! | BU24: 1.1.8 | BW24: Realizar Modelación con Alcance de Diseño Sistema de Acueducto Felidia Cabecera, Corregimiento Felidia | BX24: Si | BY24: =ROUND(+CD24/(SUM($CD$17:$CD$37)),2) -> #REF! | CA24: =IF(BZ24=""," ",VLOOKUP(BZ24,Listados!$L:$M,2,0)) | CC24: =IF(CB24=""," ",VLOOKUP(CB24,Listados!$O:$P,2,0)) | CD24: 0 | CW24: 1.1.8 | CY24: Realizar Modelación con Alcance de Diseño Sistema de Acueducto Felidia Cabecera, Corregimiento Felidia | CZ24: Si | DA24: =ROUND(DF24/(SUM($DF$17:$DF$37)),2) -> #REF! | DC24: =IF(DB24=""," ",VLOOKUP(DB24,Listados!$L:$M,2,0)) | DE24: =IF(DD24=""," ",VLOOKUP(DD24,Listados!$O:$P,2,0)) | DF24: 0 | DH24: =Z24+BB24+CD24+DF24 -> #REF!
Q25: 1.1.9 | S25: Realizar Modelación con Alcance de Diseño Sistema de Acueducto La Elvira Cabecera, Corregimiento La Elvira | Y25: =IF(X25=""," ",VLOOKUP(X25,Listados!$O:$P,2,0)) | AS25: 1.1.9 | AU25: Realizar Modelación con Alcance de Diseño Sistema de Acueducto La Elvira Cabecera, Corregimiento La Elvira | AV25: Si | AW25: =ROUND(+BB25/(SUM($BB$17:$BB$37)),2) -> #REF! | AY25: =IF(AX25=""," ",VLOOKUP(AX25,Listados!$L:$M,2,0)) | BA25: =IF(AZ25=""," ",VLOOKUP(AZ25,Listados!$O:$P,2,0)) | BB25: =+#REF! -> #REF! | BU25: 1.1.9 | BW25: Realizar Modelación con Alcance de Diseño Sistema de Acueducto La Elvira Cabecera, Corregimiento La Elvira | BX25: Si | BY25: =ROUND(+CD25/(SUM($CD$17:$CD$37)),2) -> #REF! | CA25: =IF(BZ25=""," ",VLOOKUP(BZ25,Listados!$L:$M,2,0)) | CC25: =IF(CB25=""," ",VLOOKUP(CB25,Listados!$O:$P,2,0)) | CD25: 0 | CW25: 1.1.9 | CY25: Realizar Modelación con Alcance de Diseño Sistema de Acueducto La Elvira Cabecera, Corregimiento La Elvira | CZ25: Si | DA25: =ROUND(DF25/(SUM($DF$17:$DF$37)),2) -> #REF! | DC25: =IF(DB25=""," ",VLOOKUP(DB25,Listados!$L:$M,2,0)) | DE25: =IF(DD25=""," ",VLOOKUP(DD25,Listados!$O:$P,2,0)) | DF25: 0 | DH25: =Z25+BB25+CD25+DF25 -> #REF!
Q26: 1.1.10 | S26: Realizar Modelación con Alcance de Diseño Sistema de Acueducto Vereda La Fonda, Corregimiento Villacarmelo | Y26: =IF(X26=""," ",VLOOKUP(X26,Listados!$O:$P,2,0)) | AS26: 1.1.10 | AU26: Realizar Modelación con Alcance de Diseño Sistema de Acueducto Vereda La Fonda, Corregimiento Villacarmelo | AV26: Si | AW26: =ROUND(+BB26/(SUM($BB$17:$BB$37)),2) -> #REF! | AY26: =IF(AX26=""," ",VLOOKUP(AX26,Listados!$L:$M,2,0)) | BA26: =IF(AZ26=""," ",VLOOKUP(AZ26,Listados!$O:$P,2,0)) | BB26: =+#REF! -> #REF! | BU26: 1.1.10 | BW26: Realizar Modelación con Alcance de Diseño Sistema de Acueducto Vereda La Fonda, Corregimiento Villacarmelo | BX26: Si | BY26: =ROUND(+CD26/(SUM($CD$17:$CD$37)),2) -> #REF! | CA26: =IF(BZ26=""," ",VLOOKUP(BZ26,Listados!$L:$M,2,0)) | CC26: =IF(CB26=""," ",VLOOKUP(CB26,Listados!$O:$P,2,0)) | CD26: 0 | CW26: 1.1.10 | CY26: Realizar Modelación con Alcance de Diseño Sistema de Acueducto Vereda La Fonda, Corregimiento Villacarmelo | CZ26: Si | DA26: =ROUND(DF26/(SUM($DF$17:$DF$37)),2) -> #REF! | DC26: =IF(DB26=""," ",VLOOKUP(DB26,Listados!$L:$M,2,0)) | DE26: =IF(DD26=""," ",VLOOKUP(DD26,Listados!$O:$P,2,0)) | DF26: 0 | DH26: =Z26+BB26+CD26+DF26 -> #REF!
Q27: 1.1.11 | S27: Realizar Modelación con Alcance de Diseño Sistema de Acueducto Montebello Cabecera, Corregimiento Montebello | Y27: =IF(X27=""," ",VLOOKUP(X27,Listados!$O:$P,2,0)) | AS27: 1.1.11 | AU27: Realizar Modelación con Alcance de Diseño Sistema de Acueducto Montebello Cabecera, Corregimiento Montebello | AV27: Si | AW27: =ROUND(+BB27/(SUM($BB$17:$BB$37)),2) -> #REF! | AY27: =IF(AX27=""," ",VLOOKUP(AX27,Listados!$L:$M,2,0)) | BA27: =IF(AZ27=""," ",VLOOKUP(AZ27,Listados!$O:$P,2,0)) | BB27: =#REF! -> #REF! | BU27: 1.1.11 | BW27: Realizar Modelación con Alcance de Diseño Sistema de Acueducto Montebello Cabecera, Corregimiento Montebello | BX27: Si | BY27: =ROUND(+CD27/(SUM($CD$17:$CD$37)),2) -> #REF! | CA27: =IF(BZ27=""," ",VLOOKUP(BZ27,Listados!$L:$M,2,0)) | CC27: =IF(CB27=""," ",VLOOKUP(CB27,Listados!$O:$P,2,0)) | CD27: 0 | CW27: 1.1.11 | CY27: Realizar Modelación con Alcance de Diseño Sistema de Acueducto Montebello Cabecera, Corregimiento Montebello | CZ27: Si | DA27: =ROUND(DF27/(SUM($DF$17:$DF$37)),2) -> #REF! | DC27: =IF(DB27=""," ",VLOOKUP(DB27,Listados!$L:$M,2,0)) | DE27: =IF(DD27=""," ",VLOOKUP(DD27,Listados!$O:$P,2,0)) | DF27: 0 | DH27: =Z27+BB27+CD27+DF27 -> #REF!
Q28: 1.1.12 | S28: Realizar Modelación con Alcance de Diseño de la Conducción desde la Quebrada El Silencio Hasta las PTAP's La Reforma y Cristo Rey, Corregimiento Los Andes | Y28: =IF(X28=""," ",VLOOKUP(X28,Listados!$O:$P,2,0)) | AS28: 1.1.12 | AU28: Realizar Modelación con Alcance de Diseño de la Conducción desde la Quebrada El Silencio Hasta las PTAP's La Reforma y Cristo Rey, Corregimiento Los Andes | AV28: Si | AW28: =ROUND(+BB28/(SUM($BB$17:$BB$37)),2) -> #REF! | AY28: =IF(AX28=""," ",VLOOKUP(AX28,Listados!$L:$M,2,0)) | BA28: =IF(AZ28=""," ",VLOOKUP(AZ28,Listados!$O:$P,2,0)) | BB28: =+#REF! -> #REF! | BU28: 1.1.12 | BW28: Realizar Modelación con Alcance de Diseño de la Conducción desde la Quebrada El Silencio Hasta las PTAP's La Reforma y Cristo Rey, Corregimiento Los Andes | BX28: Si | BY28: =ROUND(+CD28/(SUM($CD$17:$CD$37)),2) -> #REF! | CA28: =IF(BZ28=""," ",VLOOKUP(BZ28,Listados!$L:$M,2,0)) | CC28: =IF(CB28=""," ",VLOOKUP(CB28,Listados!$O:$P,2,0)) | CD28: 0 | CW28: 1.1.12 | CY28: Realizar Modelación con Alcance de Diseño de la Conducción desde la Quebrada El Silencio Hasta las PTAP's La Reforma y Cristo Rey, Corregimiento Los Andes | CZ28: Si | DA28: =ROUND(DF28/(SUM($DF$17:$DF$37)),2) -> #REF! | DC28: =IF(DB28=""," ",VLOOKUP(DB28,Listados!$L:$M,2,0)) | DE28: =IF(DD28=""," ",VLOOKUP(DD28,Listados!$O:$P,2,0)) | DF28: 0 | DH28: =Z28+BB28+CD28+DF28 -> #REF!
Q29: 1.1.13 | S29: Realizar Modelación con Alcance de Diseño Sistema de Acueducto Vereda Pilas del Cabuyal, Corregimiento Los Andes | Y29: =IF(X29=""," ",VLOOKUP(X29,Listados!$O:$P,2,0)) | AS29: 1.1.13 | AU29: Realizar Modelación con Alcance de Diseño Sistema de Acueducto Vereda Pilas del Cabuyal, Corregimiento Los Andes | AV29: Si | AW29: =ROUND(+BB29/(SUM($BB$17:$BB$37)),2) -> #REF! | AY29: =IF(AX29=""," ",VLOOKUP(AX29,Listados!$L:$M,2,0)) | BA29: =IF(AZ29=""," ",VLOOKUP(AZ29,Listados!$O:$P,2,0)) | BB29: =+#REF! -> #REF! | BU29: 1.1.13 | BW29: Realizar Modelación con Alcance de Diseño Sistema de Acueducto Vereda Pilas del Cabuyal, Corregimiento Los Andes | BX29: Si | BY29: =ROUND(+CD29/(SUM($CD$17:$CD$37)),2) -> #REF! | CA29: =IF(BZ29=""," ",VLOOKUP(BZ29,Listados!$L:$M,2,0)) | CC29: =IF(CB29=""," ",VLOOKUP(CB29,Listados!$O:$P,2,0)) | CD29: 0 | CW29: 1.1.13 | CY29: Realizar Modelación con Alcance de Diseño Sistema de Acueducto Vereda Pilas del Cabuyal, Corregimiento Los Andes | CZ29: Si | DA29: =ROUND(DF29/(SUM($DF$17:$DF$37)),2) -> #REF! | DC29: =IF(DB29=""," ",VLOOKUP(DB29,Listados!$L:$M,2,0)) | DE29: =IF(DD29=""," ",VLOOKUP(DD29,Listados!$O:$P,2,0)) | DF29: 0 | DH29: =Z29+BB29+CD29+DF29 -> #REF!
Q30: 1.1.14 | S30: Realizar Estudio con Alcance de Diseño para la Mitigación del Riesgo y Manejo de la Estabilidad del Terreno Sistema de Acueducto vereda La Ascensión, Corregimiento Felidia | Y30: =IF(X30=""," ",VLOOKUP(X30,Listados!$O:$P,2,0)) | AS30: 1.1.14 | AU30: Realizar Estudio con Alcance de Diseño para la Mitigación del Riesgo y Manejo de la Estabilidad del Terreno Sistema de Acueducto vereda La Ascensión, Corregimiento Felidia | AV30: Si | AW30: =ROUND(+BB30/(SUM($BB$17:$BB$37)),2) -> #REF! | AY30: =IF(AX30=""," ",VLOOKUP(AX30,Listados!$L:$M,2,0)) | BA30: =IF(AZ30=""," ",VLOOKUP(AZ30,Listados!$O:$P,2,0)) | BB30: =#REF! -> #REF! | BU30: 1.1.14 | BW30: Realizar Estudio con Alcance de Diseño para la Mitigación del Riesgo y Manejo de la Estabilidad del Terreno Sistema de Acueducto vereda La Ascensión, Corregimiento Felidia | BX30: Si | BY30: =ROUND(+CD30/(SUM($CD$17:$CD$37)),2) -> #REF! | CA30: =IF(BZ30=""," ",VLOOKUP(BZ30,Listados!$L:$M,2,0)) | CC30: =IF(CB30=""," ",VLOOKUP(CB30,Listados!$O:$P,2,0)) | CD30: 0 | CW30: 1.1.14 | CY30: Realizar Estudio con Alcance de Diseño para la Mitigación del Riesgo y Manejo de la Estabilidad del Terreno Sistema de Acueducto vereda La Ascensión, Corregimiento Felidia | CZ30: Si | DA30: =ROUND(DF30/(SUM($DF$17:$DF$37)),2) -> #REF! | DC30: =IF(DB30=""," ",VLOOKUP(DB30,Listados!$L:$M,2,0)) | DE30: =IF(DD30=""," ",VLOOKUP(DD30,Listados!$O:$P,2,0)) | DF30: 0 | DH30: =Z30+BB30+CD30+DF30 -> #REF!
Q31: 1.1.15 | S31: Realizar Estudio con Alcance de Diseño para la Mitigación del Riesgo y Manejo de la Estabilidad del Terreno Sistema de Acueducto Pance Cabecera, Corregimiento Pance | W31: =IF(V31=""," ",VLOOKUP(V31,[16]Listados!$O:$P,2,0)) | Y31: =IF(X31=""," ",VLOOKUP(X31,Listados!$O:$P,2,0)) | AS31: 1.1.15 | AU31: Realizar Estudio con Alcance de Diseño para la Mitigación del Riesgo y Manejo de la Estabilidad del Terreno Sistema de Acueducto Pance Cabecera, Corregimiento Pance | AV31: Si | AW31: =ROUND(+BB31/(SUM($BB$17:$BB$37)),2) -> #REF! | AY31: =IF(AX31=""," ",VLOOKUP(AX31,Listados!$L:$M,2,0)) | BA31: =IF(AZ31=""," ",VLOOKUP(AZ31,Listados!$O:$P,2,0)) | BB31: =#REF! -> #REF! | BU31: 1.1.15 | BW31: Realizar Estudio con Alcance de Diseño para la Mitigación del Riesgo y Manejo de la Estabilidad del Terreno Sistema de Acueducto Pance Cabecera, Corregimiento Pance | BX31: Si | BY31: =ROUND(+CD31/(SUM($CD$17:$CD$37)),2) -> #REF! | CA31: =IF(BZ31=""," ",VLOOKUP(BZ31,Listados!$L:$M,2,0)) | CC31: =IF(CB31=""," ",VLOOKUP(CB31,Listados!$O:$P,2,0)) | CD31: 0 | CW31: 1.1.15 | CY31: Realizar Estudio con Alcance de Diseño para la Mitigación del Riesgo y Manejo de la Estabilidad del Terreno Sistema de Acueducto Pance Cabecera, Corregimiento Pance | CZ31: Si | DA31: =ROUND(DF31/(SUM($DF$17:$DF$37)),2) -> #REF! | DC31: =IF(DB31=""," ",VLOOKUP(DB31,Listados!$L:$M,2,0)) | DE31: =IF(DD31=""," ",VLOOKUP(DD31,Listados!$O:$P,2,0)) | DF31: 0 | DH31: =Z31+BB31+CD31+DF31 -> #REF!
Q32: 1.1.16 | S32: Realizar Estudio con Alcance de Diseño para la Mitigación del Riesgo y Manejo de la Estabilidad del Terreno Sistema de Acueducto Vereda La Sirena, Corregimiento La Buitrera | W32: =IF(V32=""," ",VLOOKUP(V32,[16]Listados!$O:$P,2,0)) | Y32: =IF(X32=""," ",VLOOKUP(X32,Listados!$O:$P,2,0)) | AS32: 1.1.16 | AU32: Realizar Estudio con Alcance de Diseño para la Mitigación del Riesgo y Manejo de la Estabilidad del Terreno Sistema de Acueducto Vereda La Sirena, Corregimiento La Buitrera | AV32: Si | AW32: =ROUND(+BB32/(SUM($BB$17:$BB$37)),2) -> #REF! | AY32: =IF(AX32=""," ",VLOOKUP(AX32,Listados!$L:$M,2,0)) | BA32: =IF(AZ32=""," ",VLOOKUP(AZ32,Listados!$O:$P,2,0)) | BB32: =#REF! -> #REF! | BU32: 1.1.16 | BW32: Realizar Estudio con Alcance de Diseño para la Mitigación del Riesgo y Manejo de la Estabilidad del Terreno Sistema de Acueducto Vereda La Sirena, Corregimiento La Buitrera | BX32: Si | BY32: =ROUND(+CD32/(SUM($CD$17:$CD$37)),2) -> #REF! | CA32: =IF(BZ32=""," ",VLOOKUP(BZ32,Listados!$L:$M,2,0)) | CC32: =IF(CB32=""," ",VLOOKUP(CB32,Listados!$O:$P,2,0)) | CD32: 0 | CW32: 1.1.16 | CY32: Realizar Estudio con Alcance de Diseño para la Mitigación del Riesgo y Manejo de la Estabilidad del Terreno Sistema de Acueducto Vereda La Sirena, Corregimiento La Buitrera | CZ32: Si | DA32: =ROUND(DF32/(SUM($DF$17:$DF$37)),2) -> #REF! | DC32: =IF(DB32=""," ",VLOOKUP(DB32,Listados!$L:$M,2,0)) | DE32: =IF(DD32=""," ",VLOOKUP(DD32,Listados!$O:$P,2,0)) | DF32: 0 | DH32: =Z32+BB32+CD32+DF32 -> #REF!
Q33: 1.1.17 | S33: Realizar la implementación del Nodo IDESC de información de acueducto del área rural vereda Campoalegre - Corregimiento Montebello | AS33: 1.1.17 | AU33: Realizar la implementación del Nodo IDESC de información de acueducto del área rural vereda Campoalegre - Corregimiento Montebello | BU33: 1.1.17 | BW33: Realizar la implementación del Nodo IDESC de información de acueducto del área rural vereda Campoalegre - Corregimiento Montebello | BX33: No | BY33: =ROUND(+CD33/(SUM($CD$17:$CD$37)),2) -> #REF! | CA33: =IF(BZ33=""," ",VLOOKUP(BZ33,Listados!$L:$M,2,0)) | CC33: =IF(CB33=""," ",VLOOKUP(CB33,Listados!$O:$P,2,0)) | CD33: =#REF! -> #REF! | CW33: 1.1.17 | CY33: Realizar la implementación del Nodo IDESC de información de acueducto del área rural vereda Campoalegre - Corregimiento Montebello | CZ33: No | DA33: =ROUND(DF33/(SUM($DF$17:$DF$37)),2) -> #REF! | DC33: =IF(DB33=""," ",VLOOKUP(DB33,Listados!$L:$M,2,0)) | DE33: =IF(DD33=""," ",VLOOKUP(DD33,Listados!$O:$P,2,0)) | DF33: 0 | DH33: =Z33+BB33+CD33+DF33 -> #REF!
Q34: 1.1.18 | S34: Realizar la implementación del Nodo IDESC de información de acueducto del área rural Montebello Cabecera - Corregimiento de Montebello | AS34: 1.1.18 | AU34: Realizar la implementación del Nodo IDESC de información de acueducto del área rural Montebello Cabecera - Corregimiento de Montebello | BU34: 1.1.18 | BW34: Realizar la implementación del Nodo IDESC de información de acueducto del área rural Montebello Cabecera - Corregimiento de Montebello | BX34: No | BY34: =ROUND(+CD34/(SUM($CD$17:$CD$37)),2) -> #REF! | CA34: =IF(BZ34=""," ",VLOOKUP(BZ34,Listados!$L:$M,2,0)) | CC34: =IF(CB34=""," ",VLOOKUP(CB34,Listados!$O:$P,2,0)) | CD34: =#REF! -> #REF! | CW34: 1.1.18 | CY34: Realizar la implementación del Nodo IDESC de información de acueducto del área rural Montebello Cabecera - Corregimiento de Montebello | CZ34: No | DA34: =ROUND(DF34/(SUM($DF$17:$DF$37)),2) -> #REF! | DC34: =IF(DB34=""," ",VLOOKUP(DB34,Listados!$L:$M,2,0)) | DE34: =IF(DD34=""," ",VLOOKUP(DD34,Listados!$O:$P,2,0)) | DF34: 0 | DH34: =Z34+BB34+CD34+DF34 -> #REF!
Q35: 1.1.19 | S35: Realizar la implementación del Nodo IDESC de información de acueducto del área rural vereda Las Palmas - Corregimiento La Castilla | AS35: 1.1.19 | AU35: Realizar la implementación del Nodo IDESC de información de acueducto del área rural vereda Las Palmas - Corregimiento La Castilla | BU35: 1.1.19 | BW35: Realizar la implementación del Nodo IDESC de información de acueducto del área rural vereda Las Palmas - Corregimiento La Castilla | BX35: No | BY35: =ROUND(+CD35/(SUM($CD$17:$CD$37)),2) -> #REF! | CA35: =IF(BZ35=""," ",VLOOKUP(BZ35,Listados!$L:$M,2,0)) | CC35: =IF(CB35=""," ",VLOOKUP(CB35,Listados!$O:$P,2,0)) | CD35: =#REF! -> #REF! | CW35: 1.1.19 | CY35: Realizar la implementación del Nodo IDESC de información de acueducto del área rural vereda Las Palmas - Corregimiento La Castilla | CZ35: No | DA35: =ROUND(DF35/(SUM($DF$17:$DF$37)),2) -> #REF! | DC35: =IF(DB35=""," ",VLOOKUP(DB35,Listados!$L:$M,2,0)) | DE35: =IF(DD35=""," ",VLOOKUP(DD35,Listados!$O:$P,2,0)) | DF35: 0 | DH35: =Z35+BB35+CD35+DF35 -> #REF!
Q36: 1.1.20 | S36: Realizar Modelación con Alcance de Diseño Sistema de Acueducto Saladito Cabecera, Corregimiento Saladito | AS36: 1.1.20 | AU36: Realizar Modelación con Alcance de Diseño Sistema de Acueducto Saladito Cabecera, Corregimiento Saladito | BU36: 1.1.20 | BW36: Realizar Modelación con Alcance de Diseño Sistema de Acueducto Saladito Cabecera, Corregimiento Saladito | BX36: No | BY36: =ROUND(+CD36/(SUM($CD$17:$CD$37)),2) -> #REF! | CA36: =IF(BZ36=""," ",VLOOKUP(BZ36,Listados!$L:$M,2,0)) | CC36: =IF(CB36=""," ",VLOOKUP(CB36,Listados!$O:$P,2,0)) | CD36: =#REF! -> #REF! | CW36: 1.1.20 | CY36: Realizar Modelación con Alcance de Diseño Sistema de Acueducto Saladito Cabecera, Corregimiento Saladito | CZ36: No | DA36: =ROUND(DF36/(SUM($DF$17:$DF$37)),2) -> #REF! | DC36: =IF(DB36=""," ",VLOOKUP(DB36,Listados!$L:$M,2,0)) | DE36: =IF(DD36=""," ",VLOOKUP(DD36,Listados!$O:$P,2,0)) | DF36: 0 | DH36: =Z36+BB36+CD36+DF36 -> #REF!
Q37: 1.1.21 | S37: Realizar la implementación del Nodo IDESC de información de acueducto del área rural Vereda Km18 - Corregimiento La Elvira | Y37: =IF(X37=""," ",VLOOKUP(X37,Listados!$O:$P,2,0)) | AS37: 1.1.21 | AU37: Realizar la implementación del Nodo IDESC de información de acueducto del área rural Vereda Km18 - Corregimiento La Elvira | BW37: Realizar la implementación del Nodo IDESC de información de acueducto del área rural Vereda Km18 - Corregimiento La Elvira | CW37: 1.1.21 | CY37: Realizar la implementación del Nodo IDESC de información de acueducto del área rural Vereda Km18 - Corregimiento La Elvira | CZ37: No | DA37: =ROUND(DF37/(SUM($DF$17:$DF$37)),2) -> #REF! | DC37: =IF(DB37=""," ",VLOOKUP(DB37,Listados!$L:$M,2,0)) | DE37: =IF(DD37=""," ",VLOOKUP(DD37,Listados!$O:$P,2,0)) | DF37: =#REF! -> #REF! | DH37: =Z37+BB37+CD37+DF37 -> #REF!
Q38: 1.1.22 | S38: Realizar el Fortalecimiento de Esquemas Organizacionales para la Administración y Operación de los Sistemas de Acueducto en la Zona Rural de Santiago de Cali | T38: No | U38: =+Z38/(SUM($Z$38:$Z$45)) -> #REF! | W38: =IF(V38=""," ",VLOOKUP(V38,[17]Listados!$L:$M,2,0)) | Y38: =IF(X38=""," ",VLOOKUP(X38,Listados!$O:$P,2,0)) | Z38: =#REF! -> #REF! | AS38: 1.1.22 | AU38: Realizar el Fortalecimiento de Esquemas Organizacionales para la Administración y Operación de los Sistemas de Acueducto en la Zona Rural de Santiago de Cali | AV38: No | AW38: =+BB38/(SUM($BB$38:$BB$45)) -> #REF! | AY38: =IF(AX38=""," ",VLOOKUP(AX38,[17]Listados!$L:$M,2,0)) | BA38: =IF(AZ38=""," ",VLOOKUP(AZ38,Listados!$O:$P,2,0)) | BB38: =+#REF! -> #REF! | BU38: 1.2.1 | BW38: Realizar el Fortalecimiento de Esquemas Organizacionales para la Administración y Operación de los Sistemas de Acueducto en la Zona Rural de Santiago de Cali | BX38: No | BY38: =ROUND(CD38/(SUM($CD$38:$CD$45)),2) -> #REF! | CA38: =IF(BZ38=""," ",VLOOKUP(BZ38,[17]Listados!$L:$M,2,0)) | CC38: =IF(CB38=""," ",VLOOKUP(CB38,Listados!$O:$P,2,0)) | CD38: =#REF! -> #REF! | CW38: 1.2.1 | CY38: Realizar el Fortalecimiento de Esquemas Organizacionales para la Administración y Operación de los Sistemas de Acueducto en la Zona Rural de Santiago de Cali | CZ38: No | DA38: =ROUND(DF38/(SUM($DF$38:$DF$45)),2) -> #REF! | DC38: =IF(DB38=""," ",VLOOKUP(DB38,[17]Listados!$L:$M,2,0)) | DE38: =IF(DD38=""," ",VLOOKUP(DD38,Listados!$O:$P,2,0)) | DF38: =#REF! -> #REF! | DH38: =Z38+BB38+CD38+DF38 -> #REF!
Q39: 1.1.23 | S39: Realizar la Construcción del Sistema de Acueducto Sector La Gorgona, vereda Las Brisas, corregimiento La Castilla y vereda Alto Aguacatal, corregimiento La Elvira | AS39: 1.1.23 | AU39: Realizar la Construcción del Sistema de Acueducto Sector La Gorgona, vereda Las Brisas, corregimiento La Castilla y vereda Alto Aguacatal, corregimiento La Elvira | AV39: Si | AW39: =+BB39/(SUM($BB$38:$BB$45)) -> #REF! | AY39: =IF(AX39=""," ",VLOOKUP(AX39,Listados!$L:$M,2,0)) | BA39: =IF(AZ39=""," ",VLOOKUP(AZ39,Listados!$O:$P,2,0)) | BB39: =#REF! -> #REF! | BU39: 1.2.2 | BW39: Realizar la Construcción del Sistema de Acueducto Sector La Gorgona, vereda Las Brisas, corregimiento La Castilla y vereda Alto Aguacatal, corregimiento La Elvira | BX39: Si | BY39: =+CD39/(SUM($CD$38:$CD$45)) -> #REF! | CA39: =IF(BZ39=""," ",VLOOKUP(BZ39,Listados!$L:$M,2,0)) | CC39: =IF(CB39=""," ",VLOOKUP(CB39,Listados!$O:$P,2,0)) | CD39: 0 | CW39: 1.2.2 | CY39: Realizar la Construcción del Sistema de Acueducto Sector La Gorgona, vereda Las Brisas, corregimiento La Castilla y vereda Alto Aguacatal, corregimiento La Elvira | CZ39: Si | DA39: =+DF39/(SUM($CD$38:$CD$45)) -> #REF! | DC39: =IF(DB39=""," ",VLOOKUP(DB39,Listados!$L:$M,2,0)) | DE39: =IF(DD39=""," ",VLOOKUP(DD39,Listados!$O:$P,2,0)) | DF39: 0 | DH39: =Z39+BB39+CD39+DF39 -> #REF!
Q40: 1.1.24 | S40: Realizar la Demolición y Construcción Tanque de Almacenamiento vereda El Estero, Corregimiento Navarro | Y40: =IF(X40=""," ",VLOOKUP(X40,Listados!$O:$P,2,0)) | AS40: 1.1.24 | AU40: Realizar la Demolición y Construcción Tanque de Almacenamiento vereda El Estero, Corregimiento Navarro | AV40: Si | AW40: =+BB40/(SUM($BB$38:$BB$45)) -> #REF! | AY40: =IF(AX40=""," ",VLOOKUP(AX40,Listados!$L:$M,2,0)) | BA40: =IF(AZ40=""," ",VLOOKUP(AZ40,Listados!$O:$P,2,0)) | BB40: =#REF! -> #REF! | BU40: 1.2.3 | BW40: Realizar la Demolición y Construcción Tanque de Almacenamiento vereda El Estero, Corregimiento Navarro | BX40: Si | BY40: =+CD40/(SUM($CD$38:$CD$45)) -> #REF! | CA40: =IF(BZ40=""," ",VLOOKUP(BZ40,Listados!$L:$M,2,0)) | CC40: =IF(CB40=""," ",VLOOKUP(CB40,Listados!$O:$P,2,0)) | CD40: 0 | CW40: 1.2.3 | CY40: Realizar la Demolición y Construcción Tanque de Almacenamiento vereda El Estero, Corregimiento Navarro | CZ40: Si | DA40: =+DF40/(SUM($CD$38:$CD$45)) -> #REF! | DC40: =IF(DB40=""," ",VLOOKUP(DB40,Listados!$L:$M,2,0)) | DE40: =IF(DD40=""," ",VLOOKUP(DD40,Listados!$O:$P,2,0)) | DF40: 0 | DH40: =Z40+BB40+CD40+DF40 -> #REF!
Q41: 1.1.25 | S41: Realizar Interventoría a las Obras de Construcción de los Sistemas de Acueducto en la Zona Rural del Distrito Santiago de Cali | Y41: =IF(X41=""," ",VLOOKUP(X41,Listados!$O:$P,2,0)) | AS41: 1.1.25 | AU41: Realizar Interventoría a las Obras de Construcción de los Sistemas de Acueducto en la Zona Rural del Distrito Santiago de Cali | AV41: No | AW41: =+BB41/(SUM($BB$38:$BB$45)) -> #REF! | AY41: =IF(AX41=""," ",VLOOKUP(AX41,Listados!$L:$M,2,0)) | BA41: =IF(AZ41=""," ",VLOOKUP(AZ41,Listados!$O:$P,2,0)) | BB41: =#REF! -> #REF! | BU41: 1.2.4 | BW41: Realizar Interventoría a las Obras de Construcción de los Sistemas de Acueducto en la Zona Rural del Distrito Santiago de Cali | BX41: No | BY41: =+CD41/(SUM($CD$38:$CD$45)) -> #REF! | CA41: =IF(BZ41=""," ",VLOOKUP(BZ41,Listados!$L:$M,2,0)) | CC41: =IF(CB41=""," ",VLOOKUP(CB41,Listados!$O:$P,2,0)) | CD41: =#REF! -> #REF! | CW41: 1.2.4 | CY41: Realizar Interventoría a las Obras de Construcción de los Sistemas de Acueducto en la Zona Rural del Distrito Santiago de Cali | CZ41: No | DA41: =+DF41/(SUM($CD$38:$CD$45)) -> #REF! | DC41: =IF(DB41=""," ",VLOOKUP(DB41,Listados!$L:$M,2,0)) | DE41: =IF(DD41=""," ",VLOOKUP(DD41,Listados!$O:$P,2,0)) | DF41: 0 | DH41: =Z41+BB41+CD41+DF41 -> #REF!
Q42: 1.1.26 | S42: Realizar la Construcción del Sistema de Acueducto Sector Porvenir, Corregimiento La Leonera | AS42: 1.1.26 | AU42: Realizar la Construcción del Sistema de Acueducto Sector Porvenir, Corregimiento La Leonera | BU42: 1.2.5 | BW42: Realizar la Construcción del Sistema de Acueducto Sector Porvenir, Corregimiento La Leonera | BX42: Si | BY42: =+CD42/(SUM($CD$38:$CD$45)) -> #REF! | CA42: =IF(BZ42=""," ",VLOOKUP(BZ42,Listados!$L:$M,2,0)) | CC42: =IF(CB42=""," ",VLOOKUP(CB42,Listados!$O:$P,2,0)) | CD42: =#REF! -> #REF! | CW42: 1.2.5 | CY42: Realizar la Construcción del Sistema de Acueducto Sector Porvenir, Corregimiento La Leonera | CZ42: Si | DA42: =+DF42/(SUM($CD$38:$CD$45)) -> #REF! | DC42: =IF(DB42=""," ",VLOOKUP(DB42,Listados!$L:$M,2,0)) | DE42: =IF(DD42=""," ",VLOOKUP(DD42,Listados!$O:$P,2,0)) | DF42: 0 | DH42: =Z42+BB42+CD42+DF42 -> #REF!
Q43: 1.1.27 | S43: Realizar la Construcción del Sistema de Acueducto vereda La Ascensión, Corregimiento Felidia | AS43: 1.1.27 | AU43: Realizar la Construcción del Sistema de Acueducto vereda La Ascensión, Corregimiento Felidia | BU43: 1.2.6 | BW43: Realizar la Construcción del Sistema de Acueducto vereda La Ascensión, Corregimiento Felidia | BX43: Si | BY43: =+CD43/(SUM($CD$38:$CD$45)) -> #REF! | CA43: =IF(BZ43=""," ",VLOOKUP(BZ43,Listados!$L:$M,2,0)) | CC43: =IF(CB43=""," ",VLOOKUP(CB43,Listados!$O:$P,2,0)) | CD43: =#REF! -> #REF! | CW43: 1.2.6 | CY43: Realizar la Construcción del Sistema de Acueducto vereda La Ascensión, Corregimiento Felidia | CZ43: Si | DA43: =+DF43/(SUM($CD$38:$CD$45)) -> #REF! | DC43: =IF(DB43=""," ",VLOOKUP(DB43,Listados!$L:$M,2,0)) | DE43: =IF(DD43=""," ",VLOOKUP(DD43,Listados!$O:$P,2,0)) | DF43: 0 | DH43: =Z43+BB43+CD43+DF43 -> #REF!
Q44: 1.1.28 | S44: Realizar la Construcción del Sistema de Acueducto Pance Cabecera, Corregimiento Pance | AS44: 1.1.28 | AU44: Realizar la Construcción del Sistema de Acueducto Pance Cabecera, Corregimiento Pance | BU44: 1.2.7 | BW44: Realizar la Construcción del Sistema de Acueducto Pance Cabecera, Corregimiento Pance | BX44: Si | BY44: =+CD44/(SUM($CD$38:$CD$45)) -> #REF! | CA44: =IF(BZ44=""," ",VLOOKUP(BZ44,Listados!$L:$M,2,0)) | CC44: =IF(CB44=""," ",VLOOKUP(CB44,Listados!$O:$P,2,0)) | CD44: =#REF! -> #REF! | CW44: 1.2.7 | CY44: Realizar la Construcción del Sistema de Acueducto Pance Cabecera, Corregimiento Pance | CZ44: Si | DA44: =+DF44/(SUM($CD$38:$CD$45)) -> #REF! | DC44: =IF(DB44=""," ",VLOOKUP(DB44,Listados!$L:$M,2,0)) | DE44: =IF(DD44=""," ",VLOOKUP(DD44,Listados!$O:$P,2,0)) | DF44: 0 | DH44: =Z44+BB44+CD44+DF44 -> #REF!
Q45: 1.1.29 | S45: Realizar la Construcción del Tanque de Almacenamiento Vereda La Sirena, Corregimiento La Buitrera | AS45: 1.1.29 | AU45: Realizar la Construcción del Tanque de Almacenamiento Vereda La Sirena, Corregimiento La Buitrera | BU45: 1.2.8 | BW45: Realizar la Construcción del Tanque de Almacenamiento Vereda La Sirena, Corregimiento La Buitrera | BX45: Si | BY45: =+CD45/(SUM($CD$38:$CD$45)) -> #REF! | CA45: =IF(BZ45=""," ",VLOOKUP(BZ45,Listados!$L:$M,2,0)) | CC45: =IF(CB45=""," ",VLOOKUP(CB45,Listados!$O:$P,2,0)) | CD45: =#REF! -> #REF! | CW45: 1.2.8 | CY45: Realizar la Construcción del Tanque de Almacenamiento Vereda La Sirena, Corregimiento La Buitrera | CZ45: Si | DA45: =+DF45/(SUM($CD$38:$CD$45)) -> #REF! | DC45: =IF(DB45=""," ",VLOOKUP(DB45,Listados!$L:$M,2,0)) | DE45: =IF(DD45=""," ",VLOOKUP(DD45,Listados!$O:$P,2,0)) | DF45: 0 | DH45: =Z45+BB45+CD45+DF45 -> #REF!
Q46: 1.1.30 | S46: Realizar obras de mejoramiento PTAP Las Palmas Fase II - corregimiento La Castilla | T46: Si | U46: {=SUM(+Z46:Z46)/(SUM($Z$46:$Z$49))} -> #REF! | W46: =IF(V46=""," ",VLOOKUP(V46,Listados!$L:$M,2,0)) | Y46: =IF(X46=""," ",VLOOKUP(X46,Listados!$O:$P,2,0)) | Z46: =#REF! -> #REF! | AS46: 1.1.30 | AU46: Realizar obras de mejoramiento PTAP Las Palmas Fase II - corregimiento La Castilla | AV46: Si | AW46: =BB46/(SUM($BB$46:$BB$57)) -> #REF! | AY46: =IF(AX46=""," ",VLOOKUP(AX46,Listados!$L:$M,2,0)) | BA46: =IF(AZ46=""," ",VLOOKUP(AZ46,Listados!$O:$P,2,0)) | BB46: 0 | BU46: 1.3.1 | BW46: Realizar obras de mejoramiento PTAP Las Palmas Fase II - corregimiento La Castilla | BX46: Si | BY46: =CD46/(SUM($CD$46:$CD$57)) -> #REF! | CA46: =IF(BZ46=""," ",VLOOKUP(BZ46,Listados!$L:$M,2,0)) | CC46: =IF(CB46=""," ",VLOOKUP(CB46,Listados!$O:$P,2,0)) | CD46: 0 | CW46: 1.3.1 | CY46: Realizar obras de mejoramiento PTAP Las Palmas Fase II - corregimiento La Castilla | CZ46: Si | DA46: =ROUND(DF46/(SUM($DF$46:$DF$57)),2) -> #REF! | DC46: =IF(DB46=""," ",VLOOKUP(DB46,Listados!$L:$M,2,0)) | DE46: =IF(DD46=""," ",VLOOKUP(DD46,Listados!$O:$P,2,0)) | DF46: 0 | DH46: =Z46+BB46+CD46+DF46 -> #REF!
Q47: 1.1.31 | S47: Realizar Obras de Mejoramiento PTAP Villa del Rosario Fase II, corregimiento La Paz | T47: Si | U47: =+Z47/(SUM($Z$46:$Z$49)) -> #REF! | W47: =IF(V47=""," ",VLOOKUP(V47,Listados!$L:$M,2,0)) | Y47: =IF(X47=""," ",VLOOKUP(X47,Listados!$O:$P,2,0)) | Z47: =#REF! -> #REF! | AS47: 1.1.31 | AU47: Realizar Obras de Mejoramiento PTAP Villa del Rosario Fase II, corregimiento La Paz | AV47: Si | AW47: =BB47/(SUM($BB$46:$BB$57)) -> #REF! | AY47: =IF(AX47=""," ",VLOOKUP(AX47,Listados!$L:$M,2,0)) | BA47: =IF(AZ47=""," ",VLOOKUP(AZ47,Listados!$O:$P,2,0)) | BB47: 0 | BU47: 1.3.2 | BW47: Realizar Obras de Mejoramiento PTAP Villa del Rosario Fase II, corregimiento La Paz | BX47: Si | BY47: =CD47/(SUM($CD$46:$CD$57)) -> #REF! | CA47: =IF(BZ47=""," ",VLOOKUP(BZ47,Listados!$L:$M,2,0)) | CC47: =IF(CB47=""," ",VLOOKUP(CB47,Listados!$O:$P,2,0)) | CD47: 0 | CW47: 1.3.2 | CY47: Realizar Obras de Mejoramiento PTAP Villa del Rosario Fase II, corregimiento La Paz | CZ47: Si | DA47: =ROUND(DF47/(SUM($DF$46:$DF$57)),2) -> #REF! | DC47: =IF(DB47=""," ",VLOOKUP(DB47,Listados!$L:$M,2,0)) | DE47: =IF(DD47=""," ",VLOOKUP(DD47,Listados!$O:$P,2,0)) | DF47: 0 | DH47: =Z47+BB47+CD47+DF47 -> #REF!
Q48: 1.1.32 | S48: Adquirir, instalar y puesta en funcionamiento del sistema eléctrico y de bombeo de los acueductos de la vereda Kilómetro 18 - corregimiento La Elvira, El Hormiguero Cabecera y vereda El Estero - corregimiento Navarro | T48: Si | U48: =+Z48/(SUM($Z$46:$Z$49)) -> #REF! | W48: =IF(V48=""," ",VLOOKUP(V48,Listados!$L:$M,2,0)) | Y48: =IF(X48=""," ",VLOOKUP(X48,Listados!$O:$P,2,0)) | Z48: =#REF! -> #REF! | AS48: 1.1.32 | AU48: Adquirir, instalar y puesta en funcionamiento del sistema eléctrico y de bombeo de los acueductos de la vereda Kilómetro 18 - corregimiento La Elvira, El Hormiguero Cabecera y vereda El Estero - corregimiento Navarro | AV48: Si | AW48: =BB48/(SUM($BB$46:$BB$57)) -> #REF! | AY48: =IF(AX48=""," ",VLOOKUP(AX48,Listados!$L:$M,2,0)) | BA48: =IF(AZ48=""," ",VLOOKUP(AZ48,Listados!$O:$P,2,0)) | BB48: 0 | BU48: 1.3.3 | BW48: Adquirir, instalar y puesta en funcionamiento del sistema eléctrico y de bombeo de los acueductos de la vereda Kilómetro 18 - corregimiento La Elvira, El Hormiguero Cabecera y vereda El Estero - corregimiento Navarro | BX48: Si | BY48: =CD48/(SUM($CD$46:$CD$57)) -> #REF! | CA48: =IF(BZ48=""," ",VLOOKUP(BZ48,Listados!$L:$M,2,0)) | CC48: =IF(CB48=""," ",VLOOKUP(CB48,Listados!$O:$P,2,0)) | CD48: 0 | CW48: 1.3.3 | CY48: Adquirir, instalar y puesta en funcionamiento del sistema eléctrico y de bombeo de los acueductos de la vereda Kilómetro 18 - corregimiento La Elvira, El Hormiguero Cabecera y vereda El Estero - corregimiento Navarro | CZ48: Si | DA48: =ROUND(DF48/(SUM($DF$46:$DF$57)),2) -> #REF! | DC48: =IF(DB48=""," ",VLOOKUP(DB48,Listados!$L:$M,2,0)) | DE48: =IF(DD48=""," ",VLOOKUP(DD48,Listados!$O:$P,2,0)) | DF48: 0 | DH48: =Z48+BB48+CD48+DF48 -> #REF!
Q49: 1.1.33 | S49: Realizar Interventoría a las Obras de Mejoramiento de los Sistemas de Acueducto en la Zona Rural del Distrito Santiago de Cali | T49: No | U49: =+Z49/(SUM($Z$46:$Z$49)) -> #REF! | W49: =IF(V49=""," ",VLOOKUP(V49,Listados!$L:$M,2,0)) | Y49: =IF(X49=""," ",VLOOKUP(X49,Listados!$O:$P,2,0)) | Z49: =#REF! -> #REF! | AS49: 1.1.33 | AU49: Realizar Interventoría a las Obras de Mejoramiento de los Sistemas de Acueducto en la Zona Rural del Distrito Santiago de Cali | AV49: No | AW49: =BB49/(SUM($BB$46:$BB$57)) -> #REF! | AY49: =IF(AX49=""," ",VLOOKUP(AX49,Listados!$L:$M,2,0)) | BA49: =IF(AZ49=""," ",VLOOKUP(AZ49,Listados!$O:$P,2,0)) | BB49: =#REF! -> #REF! | BU49: 1.3.4 | BW49: Realizar Interventoría a las Obras de Mejoramiento de los Sistemas de Acueducto en la Zona Rural del Distrito Santiago de Cali | BX49: No | BY49: =CD49/(SUM($CD$46:$CD$57)) -> #REF! | CA49: =IF(BZ49=""," ",VLOOKUP(BZ49,Listados!$L:$M,2,0)) | CC49: =IF(CB49=""," ",VLOOKUP(CB49,Listados!$O:$P,2,0)) | CD49: =#REF! -> #REF! | CW49: 1.3.4 | CY49: Realizar Interventoría a las Obras de Mejoramiento de los Sistemas de Acueducto en la Zona Rural del Distrito Santiago de Cali | CZ49: No | DA49: =ROUND(DF49/(SUM($DF$46:$DF$57)),2) -> #REF! | DC49: =IF(DB49=""," ",VLOOKUP(DB49,Listados!$L:$M,2,0)) | DE49: =IF(DD49=""," ",VLOOKUP(DD49,Listados!$O:$P,2,0)) | DF49: =#REF! -> #REF! | DH49: =Z49+BB49+CD49+DF49 -> #REF!
Q50: 1.1.34 | S50: Realizar la Optimización del Sistema de Acueducto Pichindé Cabecera, corregimiento Pichindé | AS50: 1.1.34 | AU50: Realizar la Optimización del Sistema de Acueducto Pichindé Cabecera, corregimiento Pichindé | AV50: Si | AW50: =BB50/(SUM($BB$46:$BB$57)) -> #REF! | AY50: =IF(AX50=""," ",VLOOKUP(AX50,Listados!$L:$M,2,0)) | BA50: =IF(AZ50=""," ",VLOOKUP(AZ50,Listados!$O:$P,2,0)) | BB50: =#REF! -> #REF! | BU50: 1.3.5 | BW50: Realizar la Optimización del Sistema de Acueducto Pichindé Cabecera, corregimiento Pichindé | BX50: Si | BY50: =CD50/(SUM($CD$46:$CD$57)) -> #REF! | CA50: =IF(BZ50=""," ",VLOOKUP(BZ50,Listados!$L:$M,2,0)) | CC50: =IF(CB50=""," ",VLOOKUP(CB50,Listados!$O:$P,2,0)) | CD50: 0 | CW50: 1.3.5 | CY50: Realizar la Optimización del Sistema de Acueducto Pichindé Cabecera, corregimiento Pichindé | CZ50: Si | DA50: =ROUND(DF50/(SUM($DF$46:$DF$57)),2) -> #REF! | DC50: =IF(DB50=""," ",VLOOKUP(DB50,Listados!$L:$M,2,0)) | DE50: =IF(DD50=""," ",VLOOKUP(DD50,Listados!$O:$P,2,0)) | DF50: 0 | DH50: =Z50+BB50+CD50+DF50 -> #REF!
Q51: 1.1.35 | S51: Realizar Obras de Mejoramiento PTAP El Banqueo, Corregimiento Pance | AS51: 1.1.35 | AU51: Realizar Obras de Mejoramiento PTAP El Banqueo, Corregimiento Pance | AV51: Si | AW51: =BB51/(SUM($BB$46:$BB$57)) -> #REF! | AY51: =IF(AX51=""," ",VLOOKUP(AX51,Listados!$L:$M,2,0)) | BA51: =IF(AZ51=""," ",VLOOKUP(AZ51,Listados!$O:$P,2,0)) | BB51: =+#REF! -> #REF! | BU51: 1.3.6 | BW51: Realizar Obras de Mejoramiento PTAP El Banqueo, Corregimiento Pance | BX51: Si | BY51: =CD51/(SUM($CD$46:$CD$57)) -> #REF! | CA51: =IF(BZ51=""," ",VLOOKUP(BZ51,Listados!$L:$M,2,0)) | CC51: =IF(CB51=""," ",VLOOKUP(CB51,Listados!$O:$P,2,0)) | CD51: 0 | CW51: 1.3.6 | CY51: Realizar Obras de Mejoramiento PTAP El Banqueo, Corregimiento Pance | CZ51: Si | DA51: =ROUND(DF51/(SUM($DF$46:$DF$57)),2) -> #REF! | DC51: =IF(DB51=""," ",VLOOKUP(DB51,Listados!$L:$M,2,0)) | DE51: =IF(DD51=""," ",VLOOKUP(DD51,Listados!$O:$P,2,0)) | DF51: 0 | DH51: =Z51+BB51+CD51+DF51 -> #REF!
Q52: 1.1.36 | S52: Realizar la Construcción de la Cubierta PTAP Veredas Diamante, Soledad y Cedral, Corregimiento Felidia | AS52: 1.1.36 | AU52: Realizar la Construcción de la Cubierta PTAP Veredas Diamante, Soledad y Cedral, Corregimiento Felidia | BU52: 1.3.7 | BW52: Realizar la Construcción de la Cubierta PTAP Veredas Diamante, Soledad y Cedral, Corregimiento Felidia | BX52: Si | BY52: =CD52/(SUM($CD$46:$CD$57)) -> #REF! | CA52: =IF(BZ52=""," ",VLOOKUP(BZ52,Listados!$L:$M,2,0)) | CC52: =IF(CB52=""," ",VLOOKUP(CB52,Listados!$O:$P,2,0)) | CD52: =#REF! -> #REF! | CW52: 1.3.7 | CY52: Realizar la Construcción de la Cubierta PTAP Veredas Diamante, Soledad y Cedral, Corregimiento Felidia | CZ52: Si | DA52: =ROUND(DF52/(SUM($DF$46:$DF$57)),2) -> #REF! | DC52: =IF(DB52=""," ",VLOOKUP(DB52,Listados!$L:$M,2,0)) | DE52: =IF(DD52=""," ",VLOOKUP(DD52,Listados!$O:$P,2,0)) | DF52: 0 | DH52: =Z52+BB52+CD52+DF52 -> #REF!
Q53: 1.1.37 | S53: Realizar el Mejoramiento del Sistema de Acueducto La Buitrera Cabecera, corregimiento La Buitrera | AS53: 1.1.37 | AU53: Realizar el Mejoramiento del Sistema de Acueducto La Buitrera Cabecera, corregimiento La Buitrera | BU53: 1.3.8 | BW53: Realizar el Mejoramiento del Sistema de Acueducto La Buitrera Cabecera, corregimiento La Buitrera | BX53: Si | BY53: =CD53/(SUM($CD$46:$CD$57)) -> #REF! | CA53: =IF(BZ53=""," ",VLOOKUP(BZ53,Listados!$L:$M,2,0)) | CC53: =IF(CB53=""," ",VLOOKUP(CB53,Listados!$O:$P,2,0)) | CD53: =#REF! -> #REF! | CW53: 1.3.8 | CY53: Realizar el Mejoramiento del Sistema de Acueducto La Buitrera Cabecera, corregimiento La Buitrera | CZ53: Si | DA53: =ROUND(DF53/(SUM($DF$46:$DF$57)),2) -> #REF! | DC53: =IF(DB53=""," ",VLOOKUP(DB53,Listados!$L:$M,2,0)) | DE53: =IF(DD53=""," ",VLOOKUP(DD53,Listados!$O:$P,2,0)) | DF53: 0 | DH53: =Z53+BB53+CD53+DF53 -> #REF!
Q54: 1.1.38 | S54: Realizar Obras de Mejoramiento Sistema de Acueducto Montebello Cabecera, Corregimiento Montebello | AS54: 1.1.38 | AU54: Realizar Obras de Mejoramiento Sistema de Acueducto Montebello Cabecera, Corregimiento Montebello | BW54: Realizar Obras de Mejoramiento Sistema de Acueducto Montebello Cabecera, Corregimiento Montebello | CW54: 1.3.9 | CY54: Realizar Obras de Mejoramiento Sistema de Acueducto Montebello Cabecera, Corregimiento Montebello | CZ54: Si | DA54: =ROUND(DF54/(SUM($DF$46:$DF$57)),2) -> #REF! | DC54: =IF(DB54=""," ",VLOOKUP(DB54,Listados!$L:$M,2,0)) | DE54: =IF(DD54=""," ",VLOOKUP(DD54,Listados!$O:$P,2,0)) | DF54: =#REF! -> #REF! | DH54: =Z54+BB54+CD54+DF54 -> #REF!
Q55: 1.1.39 | S55: Realizar Obras de Mejoramiento Sistema de Acueducto La Elvira Cabecera, Corregimiento La Elvira | AS55: 1.1.39 | AU55: Realizar Obras de Mejoramiento Sistema de Acueducto La Elvira Cabecera, Corregimiento La Elvira | BW55: Realizar Obras de Mejoramiento Sistema de Acueducto La Elvira Cabecera, Corregimiento La Elvira | CW55: 1.3.10 | CY55: Realizar Obras de Mejoramiento Sistema de Acueducto La Elvira Cabecera, Corregimiento La Elvira | CZ55: Si | DA55: =ROUND(DF55/(SUM($DF$46:$DF$57)),2) -> #REF! | DC55: =IF(DB55=""," ",VLOOKUP(DB55,Listados!$L:$M,2,0)) | DE55: =IF(DD55=""," ",VLOOKUP(DD55,Listados!$O:$P,2,0)) | DF55: =#REF! -> #REF! | DH55: =Z55+BB55+CD55+DF55 -> #REF!
Q56: 1.1.40 | S56: Realizar Obras de Mejoramiento Sistema de Acueducto Felidia Cabecera, Corregimiento Felidia | AS56: 1.1.40 | AU56: Realizar Obras de Mejoramiento Sistema de Acueducto Felidia Cabecera, Corregimiento Felidia | BW56: Realizar Obras de Mejoramiento Sistema de Acueducto Felidia Cabecera, Corregimiento Felidia | CW56: 1.3.11 | CY56: Realizar Obras de Mejoramiento Sistema de Acueducto Felidia Cabecera, Corregimiento Felidia | CZ56: Si | DA56: =ROUND(DF56/(SUM($DF$46:$DF$57)),2) -> #REF! | DC56: =IF(DB56=""," ",VLOOKUP(DB56,Listados!$L:$M,2,0)) | DE56: =IF(DD56=""," ",VLOOKUP(DD56,Listados!$O:$P,2,0)) | DF56: =#REF! -> #REF! | DH56: =Z56+BB56+CD56+DF56 -> #REF!
Q57: 1.1.41 | S57: Realizar Obras de Mejoramiento Sistema de Acueducto Vereda la Fonda, Corregimiento Villacarmelo | AS57: 1.1.41 | AU57: Realizar Obras de Mejoramiento Sistema de Acueducto Vereda la Fonda, Corregimiento Villacarmelo | BW57: Realizar Obras de Mejoramiento Sistema de Acueducto Vereda la Fonda, Corregimiento Villacarmelo | CW57: 1.3.12 | CY57: Realizar Obras de Mejoramiento Sistema de Acueducto Vereda la Fonda, Corregimiento Villacarmelo | CZ57: Si | DA57: =ROUND(DF57/(SUM($DF$46:$DF$57)),2) -> #REF! | DC57: =IF(DB57=""," ",VLOOKUP(DB57,Listados!$L:$M,2,0)) | DE57: =IF(DD57=""," ",VLOOKUP(DD57,Listados!$O:$P,2,0)) | DF57: =#REF! -> #REF! | DH57: =Z57+BB57+CD57+DF57 -> #REF!
A58: TOTALES | N58: =SUM(N17:N57) -> #REF! | U58: =SUM(U17:U49)/3 -> #REF! | Y58: Total Valor Actividades | Z58: =SUM(Z17:Z49) -> #REF! | AA58: =SUM(AA17:AA57) -> 0 | AC58: TOTALES | AP58: =SUM(AP17:AP57) -> 1 | AW58: =SUM(AW17:AW57)/3 -> #REF! | BA58: Total Valor Actividades | BB58: =SUM(BB17:BB57) -> #REF! | BC58: =SUM(BC17:BC57) -> 0 | BE58: TOTALES | BR58: =SUM(BR17:BR57) -> #REF! | BY58: =SUM(BY17:BY57)/3 -> #REF! | CC58: Total Valor Actividades | CD58: =SUM(CD17:CD57) -> #REF! | CE58: =SUM(CE17:CE57) -> 0 | CG58: TOTALES | CT58: =SUM(CT17:CT57) -> #REF! | DA58: =SUM(DA19:DA57)/3 -> #REF! | DE58: Total Valor Actividades | DF58: =SUM(DF17:DF57) -> #REF! | DG58: =SUM(DG17:DG57) -> 0 | DH58: =Z58+BB58+CD58+DF58 -> #REF!
DF59: =DF58+CD58+BB58+Z58 -> #REF!

Sheet DETALLE POBLACIÓN PROYECTADA
B2: DETALLE DE POBLACIÓN OBJETIVO | J2: DETALLE DE POBLACIÓN OBJETIVO
B4: Ubicación general | C4: Localización específica | D4: Detalle de la Población | E4: 2024 | F4: 2025 | G4: 2026 | H4: 2027 | J4: DETALLE DE POBLACIÓN OBJETIVO | L4: AÑO: | M4: 2024 | N4: 2025 | O4: 2026 | P4: 2027
B5: Santiago de Cali | C5: Zona rural de Santiago de Cali | D5: 0 a 14 años | E5: =E9*0.22 -> 2965.38 | F5: =F9*0.22 -> 8273.32 | G5: =G9*0.22 -> 3764.42 | H5: =H9*0.22 -> 3004.32 | J5: UBICACIÓN POR COMUNAS / CORREGIMIENTOS | K5: LOCALIZACIÓN ESPECIFICA | L5: DETALLE POBLACION | M5: CANTIDAD POBLACIÓN
B6: Santiago de Cali | C6: Zona rural de Santiago de Cali | D6: 15 a 19 años | E6: =E9*0.08 -> 1078.32 | F6: =F9*0.08 -> 3008.48 | G6: =G9*0.08 -> 1368.88 | H6: =H9*0.08 -> 1092.48 | J6: Corregimientos del Distrito de Santiago de Cali | K6: Navarro | L6: Habitantes de los corregimientos del Distrito de Santiago de Cali | M6: =135*5 -> 675 | N6: =540 -> 540
B7: Santiago de Cali | C7: Zona rural de Santiago de Cali | D7: 20 a 59 años | E7: =E9*0.57 -> 7683.03 | F7: =F9*0.57 -> 21435.42 | G7: =G9*0.57 -> 9753.27 | H7: =H9*0.57 -> 7783.92 | K7: El Hormiguero | M7: =850*5 -> 4250
B8: Santiago de Cali | C8: Zona rural de Santiago de Cali | D8: Mayor de 60 años (Adultos Mayor) | E8: =E9*0.13 -> 1752.27 | F8: =F9*0.13 -> 4888.78 | G8: =G9*0.13 -> 2224.43 | H8: =H9*0.13 -> 1775.28 | K8: Pance | N8: =1505+200 -> 1705
C9: TOTAL | E9: =+M21 -> 13479 | F9: =+N21 -> 37606 | G9: =+O21 -> 17111 | H9: =+P21 -> 13656 | K9: La Buitrera | N9: =892+9985+5180 -> 16057
D10: Hombres | E10: =ROUND(E9*0.4,) -> 5392 | F10: =ROUND(F9*0.4,) -> 15042 | G10: =ROUND(G9*0.4,) -> 6844 | H10: =ROUND(H9*0.4,) -> 5462 | K10: Villacarmelo | N10: 488 | P10: =548 -> 548
D11: Mujeres | E11: =ROUND(E9*0.6,) -> 8087 | F11: =ROUND(F9*0.6,) -> 22564 | G11: =ROUND(G9*0.6,) -> 10267 | H11: =ROUND(H9*0.6,) -> 8194 | K11: Los Andes | N11: =3260+480 -> 3740
K12: Pichindé | N12: =1444 -> 1444
B13: CLASIFICADOR DE LA INVERSIÓN | K13: La Leonera | O13: 410
K14: Felidia | M14: =106*5 -> 530 | N14: =2824+188 -> 3012 | O14: =412 -> 412 | P14: =240+2176 -> 2416
B15: Sector | C15: 40-Vivienda, ciudad y territorio | K15: El Saladito | O15: 900
B16: Articulación con Política Pública No.1 | C16: Acuerdo 562 POR MEDIO DEL CUAL SE ADOPTA LA POLÍTICA PÚBLICA DE DERECHOS HUMANOS 2022 - 2031 DEL DISTRITO ESPECIAL, DEPORTIVO, CULTURAL, TURÍSTICO, EMPRESARIAL Y DE SERVICIOS DE SANTIAGO DE CALI Y SE DICTAN OTRAS DISPOSICIONES | K16: La Elvira | M16: =60*5 -> 300 | N16: 448 | P16: 520
B17: Articulación con Política Pública No.2 | K17: La Castilla | M17: =128*5 -> 640 | O17: =512+625 -> 1137
B18: Articulación con Política Pública No.3 | K18: La Paz | M18: =112*5 -> 560
B19: Gasto Público Social | C19: Si | K19: Montebello | M19: 3984 | N19: =10172 -> 10172 | O19: =10172+4080 -> 14252 | P19: =10172 -> 10172
B20: Grupo vulnerable | K20: Golondrinas | M20: =508*5 -> 2540
B21: Atiende situación excepcional en el territorio? | C21: Ninguna | E21: =IF(C21="Ninguna","",IF(C21="","","Cual?")) | K21: TOTAL | M21: =SUM(M6:M20) -> 13479 | N21: =SUM(N6:N20) -> 37606 | O21: =SUM(O6:O20) -> 17111 | P21: =SUM(P6:P20) -> 13656
B22: Es proyecto movilizador? | C22: No | D22: =IF(C22="SI","Código de proyecto movilizador","")
J23: FUENTE: Elaboración propia a partir de información de las Juntas Admón. De Acueducto y Alcantarillado de la zona Rural de Santiago de Cali

Sheet 1.1.52 Interv La Gloria 2025
A2: 1.1.52 | B2: REALIZAR INTERVENTORIA A LAS OBRAS DE MEJORAMIENTO ACUEDUCTO HACIENDA LA GLORIA - CORREGIMIENTO EL HORMIGUERO
A3: ITEM | B3: CARGO/OFICIO | C3: COSTOS DE PERSONAL | D3: CANTIDAD PERSONAS | E3: PARTICIPACIÓN | F3: UTILIZACIÓN | G3: VALOR PARCIAL | H3: FACTOR MULTIPLICADOR | I3: IVA | J3: VALOR TOTAL
E4: (h-mes) | H4: 2.6 | I4: 0.19
A5: 1.1.52.1 | B5: Realizar Interventoría a Mejoramiento de los sistemas de acueducto en la Hacienda La Gloria Fase II, corregimiento El Hormiguero
A6: 1.1.52.1.1 | B6: Costos Directos de Personal
A7: 1.1.52.1.1.1 | B7: Personal Profesional
A8: 1.1.52.1.1.1.1 | B8: Director Interventoría (Especialización) | D8: 1 | E8: 4 | F8: 0.2
A9: 1.1.52.1.1.1.2 | B9: Residente Interventoría Ing. Civil | D9: 1 | E9: 4 | F9: 0.45
A10: 1.1.52.1.1.1.3 | B10: Residente Interventoría Ing. Electriicista | D10: 1 | E10: 4 | F10: 0.5
B11: Subtotal Costos Directos de Personal
A12: 1.1.52.1.2 | B12: Otros Costos Directos
A13: 1.1.52.1.2.1 | B13: Transportes | E13: 4 | F13: 1
A14: 1.1.52.1.2.3 | B14: Edicion de un informe semanal, reproduccion documentos (fotocopias, heliografias, impresiones, fotografias) | E14: 4 | F14: 1
B15: Subtotal Otros Costos Directos
B16: VALOR TOTAL
A19: NOTA: | B19: * Factor Multiplicador -FM
B20: Costos que deben ser reconocidos por concepto de sueldos, jornales, horas extras, primas regionales, viáticos, prestaciones sociales, costos indirectos asociados con la prestación de servicios de una firma de consultoría, así como sus honorarios. En consecuencia el FM está formado por los siguientes componentes del costo: 1. Costos de personal 2. Prestaciones sociales 3. Costos indirectos de la compañía, costos de perfeccionamiento, impuestos y timbres del contrato 4. Honorarios

Sheet Listados
A1: DECISIÓN | C1: Centro Gestor | D1: Denominación Centro Gestor | F1: Meta Plan de Desarrollo | I1: Metal Plan de Desarrollo Comuna o Corregimiento | L1: Codigo POSPRE | M1: Denominación POSPRE | O1: Codigo Fondo | P1: Denominación Fondo | R1: Sector MGA | T1: POLÍTICAS PÚBLICAS | V1: SECTORES GASTO PUBLICO SOCIAL
A2: Si | C2: 4112 | D2: Secretaría de Gobierno | F2: 51010010001 | G2: Edificio de Cali Inteligente en el área de desarrollo naranja de Ciudad Paraíso, incluyendo el Centro integrado de control y operación de Cali Inteligente funcionando | I2: 53040040004-0101 | J2: En el periodo 2020 - 2023 se ha realizado el mantenimiento y/o adecuación de 1 kilómetros de vias en la comuna 1, previo concepto de viabilidad técnica. | L2: NO* 2.3 | M2: Inversión | O2: 1.2.1.0.00 | P2: Ingresos corrientes de Libre Destinación | R2: 01-Congreso | T2: Acuerdo 292 POR EL CUAL SE ADOPTA LA POLÍTICA PÚBLICA PARA LAS MUJERES EN EL MUNICIPIO DE SANTIAGO DE CALI Y SE DICTAN OTRAS DISPOSICIONES | V2: Salud
A3: No | C3: 4121 | D3: Departamento Administrativo de Gestión Jurídica Pública | F3: 51010010002 | G3: Bibliotecas y espacios culturales interconectados | I3: 53040010004-0102 | J3: En el periodo 2020 - 2023, se han mejorado 500 metro cuadrados de andenes en la comuna 1, previo concepto de viabilidad técnica | L3: NO* 2.3.1 | M3: Gastos de personal | O3: 1.2.1.0.00 | P3: Ingresos corrientes de Libre Destinación | R3: 02-Presidencia de la república | T3: Acuerdo 382 POR MEDIO DEL CUAL SE ADOPTA LA POLÍTICA PÚBLICA Y EL PLAN INDICATIVO DE ATENCIÓN A LA DISCAPACIDAD EN EL MUNICIPIO DE SANTIAGO DE CALI Y SE DEROGA EL ACUERDO 0197 DE 2006 | V3: Educacion
C4: 4123 | D4: Departamento Administrativo de Control Interno | F4: 51010010003 | G4: Equipamientos inteligentes operando | I4: 53040010002-0103 | J4: En el periodo 2020 - 2023, se ha realizado la construcción de 1 puente peatonal en la comuna 1, previo concepto de viabilidad técnica | L4: NO* 2.3.1.01 | M4: Planta de personal permanente | O4: 1.2.2.0.00.01 | P4: Servicios de expedición de permisos, conceptos ambientales | R4: 03-Planeación | T4: Acuerdo 392 POR MEDIO DEL CUAL SE ADOPTA LA POLÍTICA PÚBLICA DE PRIMERA INFANCIA, INFANCIA Y ADOLESCENCIA 2015 - 2024, CALI, MUNICIPIO RESPONSABLE Y AMIGO DE LOS NIÑOS, NIÑAS Y ADOLESCENTES Y SE DICTAN OTRAS DISPOSICIONES | V4: Saneamiento ambiental
A5: TIPO DE RECURSO | C5: 4124 | D5: Departamento Administrativo de Control Disciplinario Interno | F5: 51010010004 | G5: Longitud de fibra óptica de Red Distrital Integrada – REMI, operando | I5: 53050020003-0104 | J5: En el periodo 2020 - 2023, se han construido 50 metros cubicos de muros de contención, previo concepto de viabilidad técnica | L5: NO* 2.3.1.01.01 | M5: Factores constitutivos de salario | O5: 1.2.2.0.00.02 | P5: Contribución y recargos valorización | R5: 04-Información estadística | T5: Acuerdo 420 POR EL CUAL SE ADOPTA LA POLÍTICA PÚBLICA DE ENVEJECIMIENTO Y VEJEZ PARA LAS PERSONAS MAYORES EN EL MUNICIPIO DE SANTIAGO DE CALI 2017 - 2027 | V5: Agua potable
A6: Propios | C6: 4131 | D6: Departamento Administrativo de Hacienda | F6: 51010010005 | G6: Central de Telecomunicaciones en Salud Fase 1 diseñada y construida | I6: 53040040003-0105 | J6: En el periodo 2020 - 2023, se han construido 0,3 kilómetros lineales de pavimento en la comuna 1, previo concepto de viabilidad técnica | L6: NO* 2.3.1.01.01.001 | M6: Factores salariales comunes | O6: 1.2.2.0.00.03 | P6: Impuesto de Circulación y Tránsito Sobre Vehículos de Servicio Público - S.I.T.MIO | R6: 05-Empleo público | T6: Acuerdo 411 POR EL CUAL SE ADOPTA LA POLÍTICA PÚBLICA DE MEJORAMIENTO INTEGRAL DEL HÁBITAT DE LOS ASENTAMIENTOS HUMANOS PRECARIOS EN EL MUNICIPIO DE SANTIAGO DE CALI - MI HÁBITAT Y SE DICTAN OTRAS DISPOSICIONES | V6: Deporte y recreación
A7: SGP Educación | C7: 4132 | D7: Departamento Administrativo de Planeación Municipal | F7: 51010010006 | G7: Sistema de señalización turística implementado | I7: 51040020001-0106 | J7: En el periodo 2020 - 2023, se han fortalecido 450 personas en el ecosistema de emprendimiento empresarial y social con enfoque diferencial y de genero | L7: NO* 2.3.1.01.01.001.01 | M7: Sueldo básico | O7: 1.2.2.0.00.04 | P7: Conceptos técnicos aprovechamiento de las aguas subterráneas y superficiales | R7: 11-Relaciones exteriores | T7: Acuerdo 424 POR MEDIO DEL CUAL SE ADOPTA LA POLÍTICA PÚBLICA DE REGULACIÓN Y ORGANIZACIÓN DE VENTAS INFORMALES EN EL ESPACIO PÚBLICO EN EL MUNICIPIO DE SANTIAGO DE CALI | V7: Vivienda
A8: SGP Salud | C8: 4133 | D8: Departamento Administrativo de Gestión del Medio Ambiente | F8: 51010010007 | G8: Red de puntos información turística operando | I8: 51010010019-0107 | J8: En el período 2020-2023, 400 personas han recibido formación, sensibilización y/o utilización de servicios en el uso y apropiación de tecnologías de la información y la comunicación TIC | L8: NO* 2.3.1.01.01.001.01.01 | M8: Sueldo básico Docente | O8: 1.2.2.0.00.05 | P8: Sanciones por Violación de Normas - DAGMA | R8: 12-Justicia y del derecho | T8: Acuerdo 422 POR EL CUAL SE ADOPTA LA POLÍTICA PÚBLICA MUNICIPAL DE EDUCACIÓN AMBIENTAL DE SANTIAGO DE CALI 2017 - 2036
A9: SGP Agua Potable y Saneamiento Básico | C9: 4134 | D9: Departamento Administrativo de Tecnologías de la Información y las Comunicaciones | F9: 51010010008 | G9: Puntos de Apropiación Digital (PAD) dotados con herramientas TI para población con discapacidad | I9: 51010010020-0108 | J9: En el período 2020-2023, ha entrado en operación 1 punto de apropiación digital o laboratorio de innovación digital. | L9: 2.3.1.01.01.001.01.01.01 | M9: Sueldo Docente Csf | O9: 1.2.2.0.00.06 | P9: Seguimiento plan de saneamiento y manejo de vertimientos | R9: 13-Hacienda | T9: Acuerdo 463 POR EL CUAL SE ADOPTA LA POLÍTICA PÚBLICA DE DESARROLLO ECONÓMICO DE SANTIAGO DE CALI Y SE DICTAN OTRAS DISPOSICIONES
A10: SGP Alimentación Escolar | C10: 4135 | D10: Departamento Administrativo de Contratación Pública | F10: 51010010009 | G10: Zonas públicas con acceso gratuito a internet para el servicio al ciudadano | I10: 52020050005-0109 | J10: En el período 2020-2023, se han beneficiado 90 personas con discapacidad, con actividades artísticas y culturales | L10: 2.3.1.01.01.001.01.01.02 | M10: Sueldo Docente Ssf | O10: 1.2.2.0.00.07 | P10: Contribucion valorización nuevo plan de obras | R10: 15-Defensa y policía | T10: Acuerdo 470 POR EL CUAL SE ADOPTA LA POLÍTICA PÚBLICA DE SOBERANÍA Y SEGURIDAD ALIMENTARÍA Y NUTRICIONAL DEL DISTRITO ESPECIAL DE SANTIAGO DE CALI Y SE DICTAN OTRAS DISPOSICIONES
A11: SGP Primera Infancia | C11: 4137 | D11: Departamento Administrativo de Desarrollo e Innovación Institucional | F11: 51010010010 | G11: Docentes y Directivos Docentes con acompañamiento didáctico y curricular en estrategias pedagógicas mediadas por las TIC | I11: 52050020001-0110 | J11: En el periodo 2020-2023, se han formado en prácticas artísticas 600 personas de la comuna | L11: NO* 2.3.1.01.01.001.01.02 | M11: Sueldo básico Directivo Docente | O11: 1.2.2.0.00.08 | P11: Aportes urbanísticos por mayor edificabilidad | R11: 17-Agricultura y desarrollo rural | T11: Acuerdo 461 POR MEDIO DEL CUAL SE ADOPTA LA POLÍTICA PÚBLICA "CALIDIVERSIDAD" PARA LA GARANTÍA DEL EJERCICIO EFECTIVO DE LOS DERECHOS DE LAS PERSONAS DE LOS SECTORES SOCIALES LGBTI, Y DE PERSONAS CON ORIENTACIONES SEXTUALES E IDENTIDADES DE GÉNERO DIVERSAS EN SANTIAGO DE CALI Y SE DICTAN OTRAS DISPOSICIONES
A12: SGP Propósito General Cultura | C12: 4143 | D12: Secretaría de Educación | F12: 51010010011 | G12: Alumbrado público inteligente implementado | I12: 52050020013-0111 | J12: En el periodo 2020-2023, se han certificado en áreas artísticas, 120 personas de la comuna | L12: 2.3.1.01.01.001.01.02.01 | M12: Sueldo Directivo Docente Csf | O12: 1.2.2.0.00.09 | P12: Expedición de Licencias de funcionamiento de establecimientos educativos para el trabajo y el desarrollo humano | R12: 19-Salud y protección social | T12: Acuerdo 464 POR EL CUAL SE ADOPTA LA POLÍTICA PÚBLICA DE JUVENTUDES DE SANTIAGO DE CALI Y SE DICTAN OTRAS DISPOSICIONES
A13: SGP Propósito General Deporte | C13: 4145 | D13: Secretaría de Salud Pública | F13: 51010010012 | G13: Procesos de contratación implementados bajo el enfoque de compra pública para la innovación | I13: 52030080007-0112 | J13: En el período 2020-2023, se ha realizado la adecuación, mejoramiento, mantenimiento o dotación de 1 equipamiento cultural de la comuna | L13: 2.3.1.01.01.001.01.02.02 | M13: Sueldo Directivo Docente Ssf | O13: 1.2.2.0.00.10 | P13: Fondo de Promoción de la Movilidad Sostenible | R13: 21-Minas y energía | T13: Acuerdo 459 POR EL CUAL SE ADOPTA LA POLÍTICA PÚBLICA AFROCOLOMBIANA, NEGRA, PALENQUERA Y RAIZAL DE SANTIAGO DE CALI - CALIAFRO
A14: SGP Propósito General Otros Sectores | C14: 4146 | D14: Secretaría de Bienestar Social | F14: 51010010013 | G14: Plataforma para la integración de servicios al ciudadano operando | I14: 52020020008-0113 | J14: En el período 2020-2023, se han beneficiado 1600 niñas, niños, adolescentes, jóvenes y adultos (incluidos con discapacidad) con programas de iniciación y formación deportiva en disciplinas tradicionales y de nuevas tendencias en la comuna | L14: NO* 2.3.1.01.01.001.01.03 | M14: Sueldo básico Administrativo | O14: 1.2.2.0.00.11 | P14: Recursos Convenio Municipio CDAV | R14: 22-Educación | T14: Decreto 411.2.010.20.0507 POR EL CUAL SE DA CUMPLIMIENTO A LA SENTENCIA T-291 DE 20 DE ABRIL DE 2009 Y AUTO A-117 DE 6 DE MAYO DE 2014 Y SE DICTAN OTRAS DISPOSICIONES - POLÍTICA PÚBLICA DE RECICLADORES DE OFICIO
C15: 4147 | D15: Secretaría de Vivienda Social y Hábitat | F15: 51010010014 | G15: Plan Maestro de Alumbrado Público elaborado | I15: 51030010006-0114 | J15: En el período 2020-2023, se han realizado 4 eventos deportivos, recreativos, y de innovación en la comuna | L15: 2.3.1.01.01.001.01.03.01 | M15: Sueldo Administrativo | O15: 1.2.2.0.00.12 | P15: Participación en la Plusvalía | R15: 23-Tecnologías de la información y las comunicaciones | T15: Acuerdo 549 POR EL CUAL SE ADOPTA LA POLÍTICA PÚBLICA DE TURISMO DE SANTIAGO DE CALI 2022 - 2023 Y SE DICTAN OTRAS DISPOSICIONES
A16: SITUACIONES EXCEPCIONALES | C16: 4148 | D16: Secretaría de Cultura | F16: 51010010015 | G16: Servicio de alumbrado público inteligente operando | I16: 52030080005-0115 | J16: En el período 2020-2023, se han intervenido 9 escenarios deportivos y recreativos en la comuna | L16: 2.3.1.01.01.001.01.03.02 | M16: Incremento Por Antigüedad Administrativo | O16: 1.2.2.0.00.13 | P16: Impuesto de Circulación y Tránsito Sobre Vehículos de Servicio Público - Tradicional | R16: 24-Transporte | T16: Acuerdo 560 POR EL CUAL SE ADOPTA LA POLÍTICA PÚBLICA DEL DEPORTE, LA RECREACIÓN Y LA ACTIVIDAD FÍSICA "CALI CIUDAD DEPORTIVA" Y SE DICTAN OTRAS DISPOSICIONES.
A17: Ninguna | C17: 4151 | D17: Secretaría de Infraestructura | F17: 51010010016 | G17: Sistema de Bicicletas Públicas operando | I17: 52010030007-0116 | J17: En el período 2020-2023, se han implementado 23 sistemas de monitoreo y alerta para la prevención y/o disminución del delito | L17: NO* 2.3.1.01.01.001.02 | M17: Horas extras, dominicales, festivos y recargos | O17: 1.2.2.0.00.14 | P17: Otros derechos de Tránsito | R17: 25-Organismos de control | T17: Acuerdo 562 POR MEDIO DEL CUAL SE ADOPTA LA POLÍTICA PÚBLICA DE DERECHOS HUMANOS 2022 - 2031 DEL DISTRITO ESPECIAL, DEPORTIVO, CULTURAL, TURÍSTICO, EMPRESARIAL Y DE SERVICIOS DE SANTIAGO DE CALI Y SE DICTAN OTRAS DISPOSICIONES
A18: Asociadas a fenomenos de origen biologico: plagas, epidemias | C18: 4152 | D18: Secretaría de Movilidad | F18: 51010010017 | G18: Sistema de Información Geográfica unificada para Cali implementado y/u operando | I18: 52030080008-0117 | J18: En el período 2020-2023,se han realizado 7 intervenciones (mantenimiento, adecuación de infraestructura) a sedes educativas oficiales | L18: 2.3.1.01.01.001.02.01 | M18: Horas extras, dominicales, festivos y recargos Docente | O18: 1.2.2.0.00.15 | P18: Participación del impuesto sobre vehículos automotores | R18: 27-Rama judicial | T18: POLÍTICA PÚBLICA PARA LA ATENCIÓN INTEGRAL A VÍCTIMAS DEL CONFLICTO ARMADO - LEY 1448
A19: Asociadas a fenomenos de origen humano no intencionales: aglomeracion de publico | C19: 4161 | D19: Secretaría de Seguridad y Justicia | F19: 51010010018 | G19: Plataforma tecnológica para la Gestión de la Economía Circular diseñada y en funcionamiento | I19: 52040010005-0118 | J19: En el período 2020-2023, se han dotado 2 instituciones educativas | L19: 2.3.1.01.01.001.02.02 | M19: Horas extras, dominicales, festivos y recargos Directivo Docente | O19: 1.2.2.0.00.16 | P19: Cobros por Estacionamiento en Espacio Público o en Lotes de Parqueo | R19: 28-Registraduría | T19: Acuerdo 501 POR EL CUAL SE ADOPTA LA POLÍTICA PÚBLICA DE SALUD MENTAL, CONVIVENCIA SOCIAL Y ABORDAJE DEL CONSUMO DE SUSTANCIAS PSICOACTIVAS EN EL DISTRITO ESPECIAL, DEPORTIVO, CULTURAL, TURISTICO, EMPRESARIAL Y DE SERVICIOS DE SANTIAGO DE CALI "TEJIENDO CALEÑIDAD Y CIUDADANIA AFECTIVA"
A20: Asociadas a fenomenos de origen natural: atmosfericos, hidrologicos, geologicos, otros. | C20: 4162 | D20: Secretaría del Deporte y la Recreación | F20: 51010010019 | G20: Personas con formación, sensibilización y/o utilización de servicios en el uso y apropiación de tecnologías de la información y la comunicación TIC | I20: 51050020008-0119 | J20: En el período 2020-2023, se han asistido 100 familias de pequeños y medianos productores rurales y huerteros urbanos, con asistencia tecnica para produccion agropecuaria con enfoque agroecologico, para fortalecer la seguridad y soberania alimentaria en la comuna 1 | L20: 2.3.1.01.01.001.02.03 | M20: Horas extras, dominicales, festivos y recargos Administrtivo | O20: 1.2.2.0.00.17 | P20: Sobretasa Gasol malla vial | R20: 29-Fiscalía | T20: Acuerdo 457 de 2018 PLAN DECENAL DE CULTURA, CALI: HACIA UN TERRITORIO INTERCULTURAL (2018-2028)
A21: Asociadas a fenomenos de origen socianatural: inundaciones, movimientos en masa, incedios forestales. | C21: 4163 | D21: Secretaría de Gestión del Riesgo de Emergencias y Desastres | F21: 51010010020 | G21: Puntos de apropiación digital y laboratorios de innovación digital operando | I21: 52030070002-0120 | J21: En el período 2020-2023, se han recuperado 6 espacios públicos efectivos de la Estructura Ecológica Complementaria adecuados arquitectónica y paisajísticamente con empoderamiento ciudadano | L21: NO* 2.3.1.01.01.001.04 | M21: Subsidio de alimentación | O21: 1.2.2.0.00.18 | P21: Sobt gasol 97%(15%) S.I.T.M. | R21: 32-Ambiente y desarrollo sostenible
A22: Asociadas a fenomenos de origen tecnologico: quimicos, electricos, mecoanicos, termicos. | C22: 4164 | D22: Secretaría de Paz y Cultura Ciudadana | F22: 51010010021 | G22: Laboratorios que incentiven las Iniciativas de Ciencia, Tecnología e Innovación (CTI) de sectores productivos y de servicios de la ciudad, instalados | I22: 51030010011-0121 | J22: En el período 2020-2023, se han apoyado 2 iniciativas turisticas comunitarias | L22: 2.3.1.01.01.001.04.01 | M22: Subsidio de alimentación Docente | O22: 1.2.2.0.00.19 | P22: Impuesto a la Telefonía Urbana | R22: 33-Cultura
A23: Otras | C23: 4171 | D23: Secretaría de Desarrollo Económico | F23: 51010010022 | G23: Prototipos de innovación digital con respuesta a necesidades de ciudad desarrollados | I23: 52020030005-0122 | J23: En el período 2020-2023, se han formado 120 jovenes en desarrollo del turismo de las áreas urbanas y rurales de Santiago de Cali | L23: 2.3.1.01.01.001.04.02 | M23: Subsidio de alimentación Directivo Docente | O23: 1.2.2.0.00.25 | P23: Contribución fondo especial de intervenidas | R23: 35-Comercio, industria y turismo
C24: 4172 | D24: Secretaría de Turismo | F24: 51010010023 | G24: Conexiones físicas de Instituciones Distritales pertenecientes a REMI con mantenimiento | I24: 52020110002-0123 | J24: En el periodo 2020-2023, se han vinculado 200 personas en la estrategia de prevención de violencias contra la mujer e intervención social desde la perspectiva de género | L24: 2.3.1.01.01.001.04.03 | M24: Subsidio de alimentación Administrativo | O24: 1.2.2.0.00.27 | P24: Contribución por el servicio de parqueadero o de estacionamiento en vía | R24: 36-Trabajo
A25: GRUPOS VULNERABLES | C25: 4173 | D25: Secretaría de Desarrollo Territorial y Participación Ciudadana | F25: 51010010024 | G25: Centro de ciencia, tecnología e innovación digital al servicio de los ciudadanos con equipamiento tecnológico, operando | I25: 52020050001-0124 | J25: En el periodo 2020-2023, se ha realizado la formacion a 200 personas con discapacidad, sus familias y cuidadores en abordaje de la discapacidad, derechos, redes de apoyo, incidencia y organización | L25: NO* 2.3.1.01.01.001.05 | M25: Auxilio de transporte | O25: 1.2.2.0.00.28 | P25: Contraprestaciones por el uso del espacio público | R25: 37-Interior
A26: Niños, Niñas, Adolecentes y Jóvenes | C26: 4181 | D26: Unidad Administrativa Especial de Gestión de Bienes y Servicios | F26: 51010010025 | G26: Política pública de economía digital formulada y adoptada | I26: 52020050002-0125 | J26: En el período 2020-2023, se han benficiado 200 personas con discapacidad con productos de apoyo para la movilidad y desplazamiento y apoyo para el transporte de las personas con discapaciad | L26: 2.3.1.01.01.001.05.01 | M26: Auxilio de transporte Docente | O26: 1.2.2.0.00.29 | P26: Sobretasa Gasolina S.I.T.M. MIO | R26: 39-Ciencia, tecnología e innovación
A27: Adulto Mayor | C27: 4182 | D27: Unidad Administrativa Especial de Servicios Públicos | F27: 51010010026 | G27: Estrategias para la promoción de la industria de contenidos digitales implementadas | I27: 52020040004-0126 | J27: En el periodo 2020-2023, han participado de encuentros intergeneracionales 75 personas mayores, niños, niñas y adolecentes | L27: 2.3.1.01.01.001.05.02 | M27: Auxilio de transporte Directivo Docente | O27: 1.2.3.1.01 | P27: Sobretasa / participación ambiental - Corporaciones Autónomas Regionales | R27: 40-Vivienda, ciudad y territorio
A28: Víctimas | C28: 4183 | D28: Unidad Administrativa Especial de Protección Animal - Uaepa | F28: 51010010027 | G28: Plataforma para teletrabajo en la Alcaldía de Santiago de Cali implementado | I28: 52020080003-0127 | J28: En el periodo 2020-2023, se ha realizado 1 campaña institucional de sensibilización y participación para la reivindicación de la memoria y los derechos de la población LGBTIQ+ | L28: 2.3.1.01.01.001.05.03 | M28: Auxilio de transporte Administrativo | O28: 1.2.3.1.03.01 | P28: Impuesto de Circulación y Tránsito Sobre Vehículos de Servicio Público - S.I.T.MIO | R28: 41-Inclusión social y reconciliación
A29: Discapacidad | F29: 51010010028 | G29: Instituciones Educativas Oficiales con infraestructura de red y datos adecuada | I29: 52020040008-0128 | J29: En el periodo 2020-2023, se han beneficiado 400 personas con prácticas para el envejecimiento activo y la cultura positiva de la vejez en la comuna 1 | L29: NO* 2.3.1.01.01.001.06 | M29: Prima de servicio | O29: 1.2.3.1.03.02 | P29: Impuesto de Circulación y Tránsito Sobre Vehículos de Servicio Público - Tradicional | R29: 42-Inteligencia
A30: Mujeres | F30: 51010010029 | G30: Iniciativas de Tecnologías de la información y comunicación TICS para la promoción del turismo apoyadas | I30: 52020050003-0129 | J30: En el periodo 2020-2023, se han intervenido 330 personas con discapacidad con la Estrategia de Rehabilitación Basada en la Comunidad -RBC- en la comuna 1 | L30: 2.3.1.01.01.001.06.01 | M30: Prima de servicio Docente | O30: 1.2.3.1.05.01 | P30: Impuesto de Alumbrado Público - Predio Lotes | R30: 43-Deporte y recreación
A31: Etnias | F31: 51010010030 | G31: Clientes urbanos y de la zona rural de estratos 1 y 2 conectados a internet de EMCALI | I31: 52030070004-0130 | J31: En el periodo 2020-2023, se recuperan 2 zonas blandas, parques y zonas verdes a través de intervenciones y estrategias artísticas y lúdicas en la comuna | L31: 2.3.1.01.01.001.06.02 | M31: Prima de servicio Directivo Docente | O31: 1.2.3.1.05.02 | P31: Impuesto de Alumbrado Público EMCALI y Otros Comercializadores | R31: 44-Sistema integral de verdad, justicia, reparación y no repetición
A32: Equidad de Genero | F32: 51010010031 | G32: Espacios comunitarios conectados al portal virtual comunal de EMCALI | I32: 53040050002-0201 | J32: En el periodo 2020-2023, se han señalizado 60 puntos de red víal de Cali en la comuna 2 | L32: 2.3.1.01.01.001.06.03 | M32: Prima de servicio Administrativo | O32: 1.2.3.1.05.03 | P32: Alumb Acdo 357 (10% navideño) | R32: 45-Gobierno territorial
F33: 51010010032 | G33: Canal de TV Emcali Comunitario, implementado | I33: 53040010004-0202 | J33: En el periodo 2020-2023, se han mejorado 300 metros cuadrados de andenes en la comuna 2, previo a concepto de viabilidad técnica | L33: NO* 2.3.1.01.01.001.07 | M33: Bonificación por servicios prestados | O33: 1.2.3.1.05.04 | P33: Impuesto de Alumbrado Público Liquidación Directa
A34: MOVILIZADORES | F34: 51010010033 | G34: MiPymes industriales y de servicios en sus capacidades de desarrollo e innovación, apoyadas | I34: 51030010006-0203 | J34: En el periodo 2020-2023, se han realizado 2 eventos deportivos en la comuna 2 para jóvenes, adultos, adultos mayores y personas en situación de discapacidad. | L34: 2.3.1.01.01.001.07.01 | M34: Bonificación por servicios prestados Docente | O34: 1.2.3.1.12 | P34: Impuesto de espectáculos públicos nacional con destino al deporte
A35: P.M.51010011: Área de Desarrollo Naranja Ciudad Inteligente – Ciudad Paraíso | F35: 51010010034 | G35: Zonas Wi-Fi en sitios públicos donde se incentiva el arte, la cultura y el deporte, operando | I35: 52030080005-0204 | J35: En el periodo 2020-2023, se han intervenido 3 escenarios deportivos y recreativos en la comuna | L35: 2.3.1.01.01.001.07.02 | M35: Bonificación por servicios prestados Directivo Docente | O35: 1.2.3.1.14 | P35: Sobretasa Bomberil
A36: P.M.51010012: Lo Virtual: otra Dimensión de la Escuela | F36: 51010010035 | G36: Creación de un Distrito de innovación – Distrito Naranja | I36: 52010030007-0205 | J36: En el periodo 2020-2023, se han implementado 125 sistemas de monitoreo y alerta para la prevención y/o disminución del delito | L36: 2.3.1.01.01.001.07.03 | M36: Bonificación por servicios prestados Administrativo | O36: 1.2.3.1.14.01 | P36: Impuesto de Alumbrado Público - Predio Lotes
A37: P.M.51010013: Sistema Semafórico Inteligente | F37: 51010010036 | G37: Proceso de circulación TIC, diseñado | I37: 54030020003-0206 | J37: En el periodo 2020-2023, se han formado 100 personas en cultura ciudadana para la paz, la convivencia y reconciliación | L37: NO* 2.3.1.01.01.001.08 | M37: Prestaciones sociales | O37: 1.2.3.1.14.02 | P37: Impuesto de Alumbrado Público EMCALI y Otros Comercializadores
A38: P.M.51020011: Área de Desarrollo Naranja Parque Pacífico: cultura, arte, música, gastronomía, artesanía y diseño. | F38: 51010010037 | G38: Plataforma de Difusión y Circulación del Talento TIC, en funcionamiento | I38: 52030070002-0207 | J38: En el periodo 2020-2023, se ha recuperado 1 espacio público efectivo de la Estructura Ecológica Complementaria adecuados arquitectónica y paisajísticamente con empoderamiento ciudadano. | L38: NO* 2.3.1.01.01.001.08.01 | M38: Prima de navidad | O38: 1.2.3.1.14.03 | P38: Alumb Acdo 357 (10% navideño)
A39: P.M.51020012: Área de Desarrollo Naranja Alameda de la Salsa | F39: 51010010038 | G39: Actores oferentes de capacidades TIC formados y activos en la plataforma | I39: 52030080008-0208 | J39: En el periodo 2020-2023, se han realizado 4 intervenciones (mantenimiento, adecuación de infraestructura) a sedes educativas | L39: 2.3.1.01.01.001.08.01.01 | M39: Prima de Navidad Docente | O39: 1.2.3.1.14.04 | P39: Impuesto de Alumbrado Público Liquidación Directa
A40: P.M.51020013: Parque Tecnológico de Innovación San Fernando | F40: 51010010039 | G40: Empresas demandantes de capacidades TIC capacitadas y activas dentro del proceso | I40: 53040050002-0301 | J40: En el periodo 2020-2023, se han señalizado 50 puntos de red vial de Cali en la comuna 3 | L40: 2.3.1.01.01.001.08.01.02 | M40: Prima de Navidad Directivo Docente | O40: 1.2.3.1.15 | P40: Sobretasa bomberil
A41: P.M.51020021: Clúster del Deporte | F41: 51010010040 | G41: Sistemas inteligentes de transporte en el SITM-MIO implementados | I41: 53040040004-0302 | J41: En el periodo 2020-2023, se ha realizado el mantenimiento vial de 1.5 kilometros de via en la comuna 3, previo a concepto de viabilidad técnica | L41: 2.3.1.01.01.001.08.01.03 | M41: Prima de Navidad Administrativo | O41: 1.2.3.1.17 | P41: Sobretasa de solidaridad servicios públicos acueducto, aseo y alcantarillado
A42: P.M.51020022: Ciudad Médica | F42: 51010010041 | G42: Centro de Monitoreo Ambiental, con plataforma de vigilancia y control, construido y operando | I42: 53040010004-0303 | J42: En el periodo 2020-2023, se han mejorado 1500 metros cuadrados de andenes en la comuna 3, previo concepto de viabilidad técnica | L42: NO* 2.3.1.01.01.001.08.02 | M42: Prima de vacaciones | O42: 1.2.3.1.18 | P42: Sobretasa de solidaridad servicios públicos acueducto, aseo y alcantarillado
A43: P.M.51030011: Juegos Panamericanos Junior | F43: 51010010042 | G43: Intersecciones en el sistema de semaforización inteligente implementadas | I43: 52050020001-0304 | J43: En el periodo 2020-2023, se han formado en prácticas artísticas 1176 personas de la comuna | L43: 2.3.1.01.01.001.08.02.01 | M43: Prima de Vacaciones Docente | O43: 1.2.3.1.18.01 | P43: Tasa Prodeporte 10% Alimentación y transporte
A44: P.M.51030012: Parque de las Aves | F44: 51010010043 | G44: Mobiliario urbano instalado con mantenimiento y reposición | I44: 52030080007-0305 | J44: En el período 2020-2023, se ha realizado la adecuación, mejoramiento, mantenimiento o dotación de 2 equipamientos culturales de la comuna | L44: 2.3.1.01.01.001.08.02.02 | M44: Prima de Vacaciones Directivo Docente | O44: 1.2.3.1.18.02 | P44: Tasa Prodeporte 90% Manifestaciones deportivas y recreativas
A45: P.M.51030013: Cali Ciudad Salsa | F45: 51010010044 | G45: Almacenamiento y computación de información en la nube para las instituciones educativas y de salud públicas de Cali | I45: 52010030007-0306 | J45: En el periodo 2020-2023, se han implementado 38 sistemas de monitoreo y alerta para la prevención y/o disminución del delito | L45: 2.3.1.01.01.001.08.02.03 | M45: Prima de Vacaciones Administrativo | O45: 1.2.3.1.19.01 | P45: Estampilla procultura
... A92: P.M.54030012: Escuela del Buen Gobierno | F92: 51040010002 | G92: Prestadores de servicios turísticos formados | I92: 52020030004-0606 | J92: En el período 2020-2023, se intervienen a 450 jóvenes en riesgo vinculados a situaciones delictivas | L92: 2.3.1.01.02.009.03 | M92: Aportes a escuelas industriales e institutos técnicos Administrativo | O92: 1.2.3.2.09.06 | P92: Venta de Activos
A93: =IF(AND('[46] ACTIVIDADES PPTO PROYECTADA'!S10<>"",'[46] ACTIVIDADES PPTO PROYECTADA'!S10<>"No"),movilizador,"") -> #VALUE! | F93: 51040010003 | G93: Entidades públicas y/o privadas sensibilizadas en enfoque diferencial y de género que promuevan buenas prácticas de inclusión desarrollo humano y autonomía económica | I93: 52030080008-0607 | J93: En el período 2020-2023, se ha realizado 1 intervención (Mantenimiento, adecuación de infraestructura) a sedes educativas | L93: NO* 2.3.1.01.03 | M93: Remuneraciones no constitutivas de factor salarial | O93: 1.2.3.2.10 | P93: Tasas retributivas
F94: 51040010004 | G94: Personas vinculadas a rutas para la inserción laboral | I94: 52040010005-0608 | J94: En el período 2020-2023, se ha dotado 1 Institución educativa | L94: NO* 2.3.1.01.03.001 | M94: Prestaciones sociales | O94: 1.2.3.2.11 | P94: Tasas compensatorias
F95: 51040010005 | G95: Víctimas del conflicto armado formadas como técnicos laborales por competencias | I95: 52030070002-0609 | J95: En el período 2020-2023,se han recuperado 6 espacios públicos efectivos de la Estructura Ecológica Complementaria adecuados arquitectónica y paisajísticamente con empoderamiento ciudadano. | L95: NO* 2.3.1.01.03.001.01 | M95: Vacaciones | O95: 1.2.3.2.15 | P95: Tasa por utilización de aguas subterránea y superficiales
F96: 51040020001 | G96: Personas fortalecidas en el ecosistema de emprendimiento empresarial y social con enfoque diferencial y de género | I96: 51040020001-0610 | J96: En el periodo 2020 - 2023, se han fortalecido 525 personas en el ecosistema de emprendimiento empresarial y social con enfoque diferencial y de género | L96: 2.3.1.01.03.001.01.01 | M96: Vacaciones Docente | O96: 1.2.3.2.21.01 | P96: Otros derechos de Tránsito
F97: 51040020002 | G97: Clubes deportivos asesorados para el emprendimiento | I97: 52050020002-0611 | J97: En el período 2020-2023, se apoyan anualmente 12 organizaciones artisticas enfocadas en la formaciòn en prácticas artisticas y culturales. En los dos años se formarán 3.600 personas | L97: 2.3.1.01.03.001.01.02 | M97: Vacaciones Directivo Docente | O97: 1.2.3.2.21.02 | P97: Cobros por Estacionamiento en Espacio Público o en Lotes de Parqueo
F98: 51040020003 | G98: Centros para el Emprendimiento y Desarrollo Empresarial y Social CEDES, en funcionamiento | I98: 52030070004-0612 | J98: En el período 2020-2023, se han promovido anualmente 4 espacios de la comuna con programación cultural | L98: 2.3.1.01.03.001.01.03 | M98: Vacaciones Administratvo | O98: 1.2.3.2.21.03 | P98: Derechos de Tránsito en Àreas Restringidas o de Alta Congestión
F99: 51040020004 | G99: Docentes de entidades públicas capacitados para el emprendimiento y la economía social y solidaria | I99: 51030010006-0613 | J99: En el período 2020-2023, se han realizado 3 eventos deportivos, recreativos, y de innovación en la comuna | L99: NO* 2.3.1.01.03.001.03 | M99: Bonificación especial de recreación | O99: 1.2.3.2.21.04 | P99: Recursos Convenio Municipio CDAV
F100: 51040020005 | G100: Experiencias de fortalecimiento empresarial para mercados competitivos, desarrolladas | I100: 52020020008-0614 | J100: En el período 2020-2023, se han beneficiado a 1200 niñas, niños, adolescentes, jóvenes y adultos (incluidos con discapacidad) beneficiados con programas de iniciación y formación deportiva en disciplinas tradicionales y de nuevas tendencias en la comuna | L100: 2.3.1.01.03.001.03.03 | M100: Bonificación especial de recreación Administrativo | O100: 1.2.3.2.22.03 | P100: Expedición de Licencias de funcionamiento de establecimientos educativos para el trabajo y el desarrollo humano
F101: 51040020006 | G101: Víctimas del conflicto armado vinculadas a programas de emprendimiento empresarial y social | I101: 52030080005-0615 | J101: En el período 2020-2023, se han intervenido 10 escenarios deportivos y recreativos de la comuna | L101: NO* 2.3.1.01.03.009 | M101: Prima técnica no salarial | O101: 1.2.3.2.22.04 | P101: Incentivo al Aprovechamiento y Tratamiento de Residuos Sólidos
F102: 51040020007 | G102: Programa estudiantil de emprendimientos orientados, formalizados y apoyados | I102: 53040040004-0701 | J102: En el período 2020-2023, se ha realizado el mantenimiento a 0,8 kilómetros lineales en vías de la comuna 7 previo concepto de viabilidad técnica y esquema básico. | L102: 2.3.1.01.03.009.03 | M102: Prima técnica no salarial Administrativo | O102: 1.2.3.2.22.05 | P102: Zonas verdes adquisicion terrenos
F103: 51050010001 | G103: Diagnósticos de la economía solidaria y de la economía colaborativa elaborados | I103: 53020020001-0702 | J103: En el periodo 2020 - 2023, se han fortalecido 30 Empresas y emprendimientos en capacidades para el fomento de la Economía Circular | L103: NO* 2.3.1.01.03.083 | M103: Auxilio de movilización | O103: 1.2.3.2.22.06 | P103: Tasa Compensación Arbórea
F104: 51050010002 | G104: Política pública para la economía solidaria formulada y adoptada | I104: 51020010008-0703 | J104: En el periodo 2020 - 2023, se han beneficiado 150 emprendimientos y empresas de la industria cultural y creativa con asistencia técnica | L104: 2.3.1.01.03.083.01 | M104: Auxilio de movilización Docente | O104: 1.2.3.2.22.07 | P104: Contraprestación por el uso del espacio público
F105: 51050010003 | G105: Plataformas colaborativas diseñadas y puestas en funcionamiento | I105: 51040020001-0704 | J105: En el periodo 2020 - 2023, se han fortalecido 100 personas en el ecosistema de emprendimiento empresarial y social con enfoque diferencial y de género | L105: 2.3.1.01.03.083.02 | M105: Auxilio de movilización Directivo Docente | O105: 1.2.3.2.23.01 | P105: Sanciones por Violación de Normas - DAGMA
... F181: 52010050016 | G181: Planes de Funcionamiento de la Mesa Distrital de Participación Efectiva de Víctimas aprobado y ejecutado | I181: 52040010005-1216 | J181: En el periodo 2020-2023, se han dotado 4 Instituciones educativas | L181: 2.3.1.02.02.003.05.05 | M181: Intereses de Cesantias Seguridad y Justicia | O181: 1.3.1.1.07.06 | P181: CUR 880/19 SSF - Recursos Emcali Conpes 3858/16
F182: 52010050017 | G182: Eventos conmemorativos para las víctimas como medidas de satisfacción | I182: 52030080002-1217 | J182: En el periodo2020- 2023, se han realizado 2 intervenciones mantenimiento correctivo y preventivo a sedes comunales, salones comunales, Casetas Comunales y demas infraestructura física designada | L182: NO* 2.3.1.02.02.003.06 | O182: 1.3.1.1.07.07 | P182: CUR 881/19 SSF - Recursos Emcali Conpes 3858/16
F183: 52010050018 | G183: Encuentros regionales de prevención y articulación de las acciones para mitigación de efectos de desplazamiento y alistamiento de los municipios receptores | I183: 51030010019-1218 | J183: En el periodo 2020-2023 se beneficiaran 490 personas vinculadas a recorridos turisticos de naturaleza | L183: 2.3.1.02.02.003.06.01 | M183: Aportes De Cesantías Fondo Público Seguridad Y Justicia | O183: 1.3.1.1.07.08 | P183: CUR 882/19 SSF - Recursos Emcali Conpes 3858/16
F184: 52010050019 | G184: Plan de acción de atención a migrantes y flujos migratorios mixtos formulado e implementado | I184: 53040040004-1301 | J184: En el periodo 2020- 2023 se ha realizado el mantenimiento y/o adecuación de 2,54 km de vias, previo concepto de viabilidad técnica | L184: 2.3.1.02.02.003.06.02 | M184: Aportes De Cesantías Fondo Privado Seguridad Y Justicia | O184: 1.3.1.1.07.09 | P184: DPS - ALAMEDA
F185: 52010050020 | G185: Subsidio distrital de vivienda asignados a hogares en situación de desplazamiento forzoso y/o población víctima de conflicto | I185: 53040010003-1302 | J185: En el periodo 2020-2023 se ha realizado mantenimiento de 5 puentes peatonales previo concepto de viabilidad técnica | L185: 2.3.1.02.02.003.06.03 | M185: Aportes De Cesantías Definitivas Anualizado Seguridad Yjusticia | O185: 1.3.1.1.07.10 | P185: CUR 040/17 Emcali SSF
F186: 52010050021 | G186: Eventos deportivos y recreativos para la reparación integral de víctimas del conflicto armado, realizados | I186: 51040020001-1303 | J186: En el periodo 2020- 2023 se fortalecen 300 personas en el ecosistema de emprendimiento empresarial y social con enfoque diferencial y de género | L186: NO* 2.3.1.02.02.004 | M186: Aportes a cajas de compensación familiar | O186: 1.3.1.1.08.01 | P186: Fund for cities of services
F187: 52020010001 | G187: Sistema Distrital de Atención Integral a la Primera Infancia | I187: 53020020001-1304 | J187: En el periodo 2020- 2023 se fortalecen 60 empresas y emprendimientos en capacidades para el fomento de la Economía Circular | L187: 2.3.1.02.02.004.01 | M187: Aportes a cajas de compensación familiar Docente | O187: 1.3.1.1.08.02 | P187: Resolución 1585/21 2da. Versión Premio Nacional de Biblioteca "Daniel Samper Ortega" 2021
F188: 52020010002 | G188: Mantenimiento de las Unidades de Transformación Social - UTS de atención Integral a la Primera Infancia | I188: 52030070004-1305 | J188: En el periodo 2020- 2023, se promueven 8 espacios de la comuna con programación cultural | L188: 2.3.1.02.02.004.04 | M188: Aportes a cajas de compensación familiar Movilidad | O188: 1.3.1.1.08.03 | P188: Resolución 2388/2022 Premio Nacional De Bibliotecas Públicas "Daniel Samper Ortega" 2022
F189: 52020010003 | G189: Niñas, Niños, Mujeres gestantes y madres lactantes atendidas con el Programa Cariños para la Atención Integral a la Primera Infancia | I189: 52050020001-1306 | J189: En el periodo 2020-2023, se forman en precticas artisticas,2000 personas de la comuna | L189: 2.3.1.02.02.004.05 | M189: Aportes a Cajas de Compensación Familiar Seguridad Y Justicia | O189: 1.3.1.1.09 | P189: Recuperación de cartera - préstamos
F190: 52020010004 | G190: Organismos articulados intersectorial e interinstitucionalmente en la implementación de estrategias de movilización social | I190: 52050020002-1307 | J190: En el periodo 2020-2023, se han apoyado anualmente 7 organizaciones de la comuna en el desarrollo de iniciativas artísticas y culturales | L190: NO* 2.3.1.02.02.005 | M190: Aportes generales al sistema de riesgos laborales | O190: 1.3.1.1.09.01 | P190: Recuperación de cartera Capital-préstamos-Fondo Solidario y de Oportunidades
F191: 52020010005 | G191: Niñas, niños y mujeres gestantes de las UTS de Atención Integral a la Primera Infancia con seguimiento en la Ruta Integral de Atenciones – RIA | I191: 51030010006-1308 | J191: En el periodo2020- 2023, se han realizado 3 eventos deportivos, recreativos, y de innovación en la comuna | L191: 2.3.1.02.02.005.04 | M191: Aportes generales al sistema de riesgos laborales Movilidad | O191: 1.3.1.1.09.02 | P191: Recuperación de cartera Intereses-préstamos-Fondo Solidario y de Oportunidades
F192: 52020010006 | G192: Prestadores de servicios de salud que brindan atención de calidad a recién nacidos, aumentadas | I192: 52010020002-1309 | J192: En el periodo 2020- 2023, han participado 125 personas en estrategia de prevención de la violencia familiar y sexual. | L192: 2.3.1.02.02.005.05 | M192: Aportes Generales al Sistema de Riesgos Laborales Seguridad Y Justicia | O192: 1.3.1.1.10.01 | P192: Retiros Fonpet-Para el pago de obligaciones pensionales corrientes
F193: 52020010007 | G193: Niñas, niños de primera infancia beneficiados anualmente con experiencias en juego, lúdica y recreación | I193: 52010030007-1310 | J193: En el periodo 2020- 2023, se han implementado 32 sistemas de monitoreo y alerta para la prevención y disminución del delito | L193: NO* 2.3.1.02.02.006 | M193: Aportes al ICBF | O193: 1.3.1.1.11 | P193: Reintegros y otros recursos no apropiados Libre Destinación
F194: 52020010008 | G194: Niños, niñas, mujeres gestantes y madres lactantes beneficiados con experiencias artísticas y culturales | I194: 52030070002-1311 | J194: En el periodo 2020- 2023 se han recuperado 18 espacios públicos efectivos de la Estructura Ecológica Complementaria adecuados arquitectónica y paisajísticamente con empoderamiento ciudadano. | L194: 2.3.1.02.02.006.01 | M194: Aportes al ICBF Docente | O194: 1.3.1.1.11.01 | P194: Reintegro Aportes Salud, ARL, SGP Educación
... F473: 53020040007 | G473: Cantidad de clientes particulares con soluciones solares Fotovoltaicas en SDL | I473: 52030080008-6208 | J473: En el periodo 2020 - 2023 se ha realizado 1 intervención (Mantenimiento, adecuación de infraestructura) a sede educativa oficial. | L473: 2.3.8.05.01.001 | M473: Multas Superintendencias | O473: 1.3.3.12.05.14 | P473: R.B. R.F.CNPyC 40% ley1801/16
F474: 53020040008 | G474: Cantidad de granjas solares construidas en SDL | I474: 53040040003-6301 | J474: En el periodo 2020 - 2023 se han construido 0,2 kilómetros de huellas vehiculares, previo concepto de viabilidad técnica de la entidad competente | O474: 1.3.3.12.05.15 | P474: R.B. R.F.CNPyC 15% Dec 1284/17
F475: 53020040009 | G475: Cantidad de transformadores de distribución en aceite vegetal instalados en SDL | I475: 53040040003-6302 | J475: En el periodo 2020 - 2023 se han construido 0,5 kilómetros de obras de drenaje, (cunetas, gradas disipadoras, etc.), previo concepto de viabilidad técnica de la entidad competente | O475: 1.3.3.12.05.16 | P475: R.B. R.F. Recursos Convenio Municipio CDAV
F476: 53020040010 | G476: Cantidad de vehículos eléctricos (para la operación) en funcionamiento en EMCALI | I476: 53040040003-6303 | J476: En el periodo 2020 - 2023 se ha realizado el mantenimiento y/o adecuación de 1,5 km de via en el corregimiento, previo concepto de viabilidad técnica de la entidad competente | O476: 1.3.3.12.05.17 | P476: R.B. R. F. Participación en la Plusvalía
F477: 53020040011 | G477: Cantidad de estaciones de recarga habilitadas para VE en SDL | I477: 53010010002-6304 | J477: En el periodo 2020 - 2023 se ha realizado la conservación de 20 hectáreas de la cuenca hidrografica | O477: 1.3.3.12.05.18 | P477: R.B. R.F. Impuesto de espectáculos públicos nacional con destino al deporte
F478: 53020040012 | G478: Cantidad de usuarios (empresas y/o independientes) conectados con la oficina virtual | I478: 52050020001-6305 | J478: En el periodo 2020 - 2023 se han formado 120 personas del corregimiento en prácticas artisticas | O478: 1.3.3.12.05.19 | P478: R.B. R.F. Estampilla Prodesarrollo Urbano
F479: 53020040013 | G479: Estudio de generación plan incentivos al uso de vehículos eléctricos e híbridos de servicio público y particular en el Distrito de Cali elaborado | I479: 52030080008-6306 | J479: En el periodo 2020 - 2023 se ha realizado 1 intervención (Mantenimiento, adecuación de infraestructura) a sede educativa oficial | O479: 1.3.3.12.05.20 | P479: R.B. R.F. Garajes Establecimiento Uso Público
F480: 53030010001 | G480: Proyectos definidos en el Plan de Manejo Ambiental del Acuífero de Cali -PMAA, priorizados y ejecutados | I480: 53040040003-6401 | J480: En el periodo 2020 - 2023, se han construido 0,005 kilómetros de obras de drenaje, (cunetas, canaletas, gradas disipadoras, alcantarillas etc.), previo concepto de viabilidad técnica de la entidad competente | O480: 1.3.3.12.05.21 | P480: R.B. R.F. Explotacion Economica del Estacionamiento en via Pública
F481: 53030010002 | G481: Instrumentos de planificación (PORH) para garantizar calidad y cantidad de agua, para el sostenimiento de los ecosistemas acuáticos y los usos actuales y potenciales del agua, formulados, adoptados y en ejecución | I481: 53040040003-6402 | J481: En el periodo 2020 - 2023, se han construido 0,438 kilómetros de huellas vehiculares, previo concepto de viabilidad técnica de la entidad competente | O481: 1.3.3.12.05.22 | P481: R.B. R.F. Estampilla para el bienestar del Adulto Mayor
F482: 53030010003 | G482: Avance piloto a escala real de sistema de filtración en lecho de río, construido y en funcionamiento, en PTAP Cauca | I482: 53040040003-6403 | J482: En el periodo 2020 - 2023, se han construido 1,035 kilometros de pavimiento en el corregimiento previo concepto de viabilidad tecnica | O482: 1.3.3.12.05.23 | P482: R.B. R.F. Participación de la Contribución Parafiscal Cultural
F483: 53030010004 | G483: Participación en dos (2) proyectos de impacto regional para la promoción de sistema sostenibles de abastecimiento de agua y saneamiento ambiental | I483: 53040010004-6404 | J483: En el periodo 2020 - 2023, se han rehabilitado 120 metros cuadrados de andén, previo concepto de viabilidad técnica y esquema básico | O483: 1.3.3.12.05.25 | P483: R.B. R.F. Conv Mpio Univalle Estadio
F484: 53030010005 | G484: Reservorio de la planta de tratamiento de agua potable de Puerto Mallarino mantenido y con aislamiento | I484: 53020010002-6405 | J484: En el periodo 2020 - 2023, se ha aplicado 1 estrategia tecnológica para el aprovechamiento de residuos solidos organicos | O484: 1.3.3.12.05.26 | P484: R.B. R.F. Sobretasa Gasol. Malla vial
F485: 53030020001 | G485: Anillo a 115 Kv construido y funcionando en SDL | I485: 52050020001-6406 | J485: En el periodo 2020 - 2023, se han formado 350 personas en prácticas artísticas del corregimiento | O485: 1.3.3.12.05.27 | P485: R.B. R.F. Infracciones de transito ley 769-02
... F497: 53030030007 | G497: Sistemas Individuales de Tratamiento de Agua Residual Doméstica (SITARD) mejoradas | I497: 52040010005-6509 | J497: En el periodo 2020 - 2023, se ha dotado 1 Institución educativa | O497: 1.3.3.12.05.39 | P497: R.B. R.F. Contribución valorizacion nuevo plan de obras
F498: 53030030008 | G498: Sistema de Tratamiento Primario de la PTAR Cañaveralejo mejorado | O498: 1.3.3.12.05.40 | P498: R.B. R.F. Sobretasa Bomberil
F499: 53030040001 | G499: Acciones del Programa de Aire Limpio implementadas | O499: 1.3.3.12.05.41 | P499: R.B. R.F. Contribución sobre Contratos de Obra Pública
F500: 53030040002 | G500: Plan de Mejora del Ambiente Sonoro, actualizado, adoptado y ejecutado | O500: 1.3.3.12.05.42 | P500: R.B. R.F. Impuesto de Circulación y Tránsito Sobre Vehículos de Servicio Público - Tradicional
F501: 53040010001 | G501: Espacio público asociado al SITMMIO generado y recuperado | O501: 1.3.3.12.05.43 | P501: R.B. R.F Otros derechos de Tránsito
F502: 53040010002 | G502: Construcción de soluciones peatonales en zona urbana y rural | O502: 1.3.3.12.05.44 | P502: R.B. R.F Participación del impuesto sobre vehículos automotores
F503: 53040010003 | G503: Mantenimiento de puentes peatonales de la zona urbana y rural | O503: 1.3.3.12.05.45 | P503: R.B. Incentivo al Aprovechamiento y Tratamiento de Residuos Sólidos
F504: 53040010004 | G504: Mejoramiento de la red peatonal en la zona urbana y rural | O504: 1.3.3.12.05.46 | P504: R.B. R.F. Reintegros SGP Agua Potable
F505: 53040020001 | G505: Red de Ciclo-infraestructura (ciclo rutas integradas al SITM-MIO) implementadas | O505: 1.3.3.12.05.47 | P505: R.B. R.F. Convenio 077-21 CVC-DAGMA
F506: 53040020002 | G506: Cicloparquedaeros integrados al SITM-MIO construidos | O506: 1.3.3.12.05.48 | P506: R.B. R.F. SGP Restitución Agua Potable y Saneamiento Básico
F507: 53040020003 | G507: Kilómetros de ciclo-infraestructura construida | O507: 1.3.3.12.05.49 | P507: R.B R.F. Reintegro Proyecto Desarrollo Social
F508: 53040020004 | G508: Kilómetros de ciclo-infraestructura mantenida | O508: 1.3.3.12.05.49 | P508: R.B R.F. Reintegro Proyecto Desarrollo Social
F509: 53040020005 | G509: Kilómetros de ciclo infraestructura en calzada implementados | O509: 1.3.3.12.05.50 | P509: R.B R.F. Resolución 3455/17
... F713: 54030020008 | G713: Política pública integral de libertad religiosa, formulada y adoptada | O713: 1.3.3.5.04.03 | P713: R.B. Convenio ICBF 7600608/21
...
